 Dungeon Crawl Stone Soup version 0.22-a0-292-g0df9d5f48d (webtiles) character file.

23923235 WhatIsLove the Gnoll Aeon (level 27, 226/233 HPs)
             Began as a Gnoll Earth Elementalist on Mar 22, 2018.
             Was the Champion of Cheibriados.
             Escaped with the Orb
             ... and 15 runes on Mar 23, 2018!
             The game lasted 08:02:03 (62924 turns).

WhatIsLove the Gnoll Aeon (GnEE)                   Turns: 62924, Time: 08:02:04

Health: 226/233    AC: 39    Str: 23    XL:     27
Magic:  1/59       EV: 37    Int: 68    God:    Cheibriados [******]
Gold:   6387       SH: 27    Dex: 36    Spells: 2/71 levels left

rFire    + . .     SeeInvis +   a - +9 eveningstar (elec)
rCold    + + .     Gourm    .   b - +1 large shield of the Moon Troll {MR+ SInv}
rNeg     + + +     Faith    .   R - +5 ring mail of Listriso {*Contam rN+++ Regen+ Int-2}
rPois    ∞         Spirit   .   s - +3 hat of Pondering {ponderous, MR+ MP+10 Int+5}
rElec    +         Reflect  .   o - +2 cloak
rCorr    +         Harm     .   O - +1 pair of gloves of Trog's Hatred {rCorr Int+5 Stlth-}
MR       +++++     Clarity  +   e - +1 pair of boots of Ymuciym {rC+ Str+3 Dex-2}
Stlth    +++.......             G - amulet "Jaxkoelemn" {*Contam rPois Regen+ Int+6 Dex+4}
HPRegen  1.68/turn              U - ring "Ceore" {rF+ Str-4 Dex+3 Slay+5}
MPRegen  0.36/turn              L - ring of the Queen {rElec rPois MR+ Str-3 Int+10}

@: lich-form (expiring), very slightly contaminated, studying Armour, very slow
A: distributed training, fangs 1, horns 1, icy blue scales 1, slimy green scales
1, clarity, regeneration 1, strong nose
0: Orb of Zot
}: 15/15 runes: decaying, slimy, silver, golden, iron, obsidian, icy, bone,
abyssal, demonic, glowing, magical, fiery, dark, gossamer
a: End Transformation, Bend Time, Temporal Distortion, Slouch, Step From Time,
Renounce Religion


You escaped.
You worshipped Cheibriados.
Cheibriados was exalted by your worship.
You were not hungry.
You were a lich.
You visited 18 branches of the dungeon, and saw 89 of its levels.
You visited Pandemonium 1 time, and saw 13 of its levels.
You visited the Abyss 2 times.
You visited 1 ziggurat, and saw 20 of its levels.
You also visited: Labyrinth and Ossuary.

You collected 11430 gold pieces.
You spent 5043 gold pieces at shops.

Inventory:

Hand Weapons
 a - a +9 eveningstar of electrocution (weapon)
 w - a +9 eudemon blade of holy wrath
 D - the +8 rapier "Evvihine" {pierce, rC+ rN+ Dex+5}
   (You found it on level 7 of Tartarus)

   It inflicts extra damage upon your enemies.
   It affects your dexterity (+5).
   It protects you from cold.
   It protects you from negative energy.
 F - the +7 sceptre of Torment
   (You found it on level 13 of a ziggurat)
Armour
 b - the +1 large shield of the Moon Troll (worn) {MR+ SInv}
   (You acquired it on level 15 of a ziggurat)

   It affects your resistance to hostile enchantments.
   It lets you see invisible.
 e - the +1 pair of boots of Ymuciym (worn) {rC+ Str+3 Dex-2}
   (You found it on level 5 of the Pits of Slime)

   It affects your strength (+3).
   It affects your dexterity (-2).
   It protects you from cold.
 o - a +2 cloak (worn)
 s - the +3 hat of Pondering (worn) {ponderous, MR+ MP+10 Int+5}
   (You found it on level 7 of Tartarus)

   It affects your intelligence (+5).
   It affects your resistance to hostile enchantments.
   It affects your magic capacity (+10).
 E - the +3 hat "Ocwalliz" {MR+ Regen+ Str+2}
   (You acquired it on level 2 of the Depths)

   It affects your strength (+2).
   It affects your resistance to hostile enchantments.
   It increases your rate of regeneration.
 O - the +1 pair of gloves of Trog's Hatred (worn) {rCorr Int+5 Stlth-}
   (You found it on level 2 of the Crypt)

   It affects your intelligence (+5).
   It protects you from acid and corrosion.
   It makes you less stealthy.
 R - the +5 ring mail of Listriso (worn) {*Contam rN+++ Regen+ Int-2}
   (You bought it in a shop on level 3 of the Vaults)

   It affects your intelligence (-2).
   It renders you almost immune to negative energy.
   It causes magical contamination when unequipped.
   It increases your rate of regeneration.
Magical Staves
 p - an uncursed staff of power
 X - an uncursed staff of wizardry
Jewellery
 d - a +6 ring of evasion
 q - the ring of Dunuh {rC+ rN+ Dex+4 SInv}
   (You found it on level 3 of the Depths)

   [ring of see invisible]

   It affects your dexterity (+4).
   It protects you from cold.
   It protects you from negative energy.
   It lets you see invisible.
 G - the amulet "Jaxkoelemn" (around neck) {*Contam rPois Regen+ Int+6 Dex+4}
   (You took it off a deep elf demonologist on level 3 of the Elven Halls)

   [amulet of regeneration]

   It affects your intelligence (+6).
   It affects your dexterity (+4).
   It protects you from poison.
   It causes magical contamination when unequipped.
   It increases your rate of regeneration.
 H - the ring of the Mage {Wiz MR++ Int+3}
   (You found it on level 16 of a ziggurat)

   [ring of wizardry]

   It improves your spell success rate.
   It affects your intelligence (+3).
   It affects your resistance to hostile enchantments.
 J - the ring "Fanudose" {rPois rF+ rN+ Int-5 Slay+2}
   (You found it on level 7 of Tartarus)

   [ring of positive energy]

   It affects your intelligence (-5).
   It affects your accuracy and damage with ranged weapons and melee attacks
   (+2).
   It protects you from fire.
   It protects you from poison.
   It protects you from negative energy.
 L - a ring of the Queen (right hand) {rElec rPois MR+ Str-3 Int+10}
   (You took it off a crimson imp on level 7 of Gehenna)

   [ring of protection from magic]

   It affects your strength (-3).
   It affects your intelligence (+10).
   It insulates you from electricity.
   It protects you from poison.
   It affects your resistance to hostile enchantments.
 U - the ring "Ceore" (left hand) {rF+ Str-4 Dex+3 Slay+5}
   (You found it on level 7 of Gehenna)

   [ring of protection from fire]

   It affects your strength (-4).
   It affects your dexterity (+3).
   It affects your accuracy and damage with ranged weapons and melee attacks
   (+5).
   It protects you from fire.
 W - the ring "Plog" {+Inv +Fly rN+ Dex+2}
   (You found it on level 17 of a ziggurat)

   [ring of flight]

   It affects your dexterity (+2).
   It protects you from negative energy.
   It lets you turn invisible.
   It lets you fly.
Wands
 A - a wand of acid (23)
 I - a wand of enslavement (31)
 S - a wand of digging (23)
 V - a wand of scattershot (6)
Scrolls
 f - 31 scrolls of remove curse
 h - 32 scrolls of teleportation
 j - 4 scrolls of holy word
 l - 2 scrolls of vulnerability
 t - 2 scrolls of identify
 y - 7 scrolls of amnesia
 B - 25 scrolls of fog
 K - 6 scrolls of immolation
 N - 11 scrolls of blinking
 P - 3 scrolls of magic mapping
Potions
 c - 7 potions of cancellation
 i - 3 potions of mutation
 k - 9 potions of might
 n - 11 potions of agility
 v - 3 potions of resistance
 x - 33 potions of curing
 z - 3 potions of heal wounds
 T - 9 potions of brilliance
Books
 m - a manual of
Armour
 M - a manual of Invocations
Miscellaneous
 g - a lamp of fire
 r - the horn of Geryon
 u - 2 phantom mirrors
 C - a phial of floods
 Q - a figurine of a ziggurat
 Z - 4 sacks of spiders
Comestibles
 Y - 103 rations


   Skills:
 + Level 22.4 Fighting
 + Level 22.4 Short Blades
 + Level 22.4 Long Blades
 + Level 22.4 Axes
 + Level 25.0 Maces & Flails
 + Level 22.4 Polearms
 + Level 22.4 Staves
 + Level 22.4 Slings
 + Level 22.4 Bows
 + Level 22.4 Crossbows
 + Level 22.4 Throwing
 + Level 26.4 Armour
 + Level 22.7 Dodging
 + Level 22.6 Stealth
 + Level 22.4 Shields
 + Level 22.4 Unarmed Combat
 + Level 22.7 Spellcasting
 + Level 19.5 Conjurations
 + Level 19.5 Hexes
 + Level 19.5 Charms
 + Level 19.5 Summonings
 + Level 19.5 Necromancy
 + Level 19.5 Translocations
 + Level 19.6 Transmutations
 + Level 19.5 Fire Magic
 + Level 19.5 Ice Magic
 + Level 19.5 Air Magic
 + Level 20.0 Earth Magic
 + Level 19.5 Poison Magic
 O Level 27 Invocations
 + Level 22.4 Evocations


You had 2 spell levels left.
You knew the following spells:

 Your Spells              Type           Power        Failure   Level  Hunger
a - Lehudib's Crystal Sp  Conj/Erth      ########..   1%          8    N/A
b - Controlled Blink      Tloc           N/A          1%          8    N/A
g - Malign Gateway        Summ/Tloc      ########..   1%          7    N/A
i - Infestation           Necr           #########.   1%          8    N/A
n - Necromutation         Tmut/Necr      #########.   1%          8    N/A
r - Regeneration          Chrm/Necr      #########.   0%          3    N/A
s - Spellforged Servitor  Conj/Summ      ########..   1%          7    N/A
A - Aura of Abjuration    Summ           ########..   0%          5    N/A
S - Statue Form           Tmut/Erth      ########.    0%          6    N/A
T - Shatter               Erth           ########..   2%          9    N/A

Dungeon Overview and Level Annotations

Branches:
Dungeon (15/15)            Temple (1/1) D:6            Lair (6/6) D:9
  Swamp (4/4) Lair:2       Spider (4/4) Lair:4        Slime (5/5) Lair:5
    Orc (2/2) D:11            Elf (3/3) Orc:2        Vaults (5/5) D:13
  Crypt (3/3) Vaults:3       Tomb (3/3) Crypt:3      Depths (5/5) D:15
   Hell (1/1)                 Dis (7/7) Hell            Geh (7/7) Hell
    Coc (7/7) Hell            Tar (7/7) Hell            Zot (5/5) Depths:5

Altars:
Ashenzari
Cheibriados
Dithmenos
Elyvilon
Fedhas
Gozag
Hepliaklqana
Kikubaaqudgha
Makhleb
Nemelex Xobeh
Okawaru
Qazlal
Ru
Sif Muna
Trog
Uskayaw
Vehumet
Wu Jian
Xom
Yredelemnul
Zin
The Shining One
Beogh
Jiyva

Shops:
D:6 [   Orc:2 !?:(   Elf:3 %   Vaults:3 *   Vaults:4 *   Depths:2 ?[}}=??

Portals:
Hell: Depths:1 Depths:2 Depths:3 Depths:4 Depths:5
Abyss: Depths:4
Pandemonium: Depths:3 Depths:4

Annotations:
D:6 Azzok's ghost, novice MiFi


Innate Abilities, Weirdness & Mutations

Your experience applies equally to all skills.
You have very sharp teeth.
Your uncanny sense of smell can sniff out nearby items.
You have a pair of small horns on your head.
You are partially covered in icy blue scales. (AC +2)
You are partially covered in slimy green scales. (AC +2)
You possess an exceptional clarity of mind.
Your natural rate of healing is unusually fast.


Message History

Cheibriados thoroughly appreciates the change of pace.
* * * LOW MAGIC WARNING * * *
Casting: Lehudib's Crystal Spear (safe; 1% risk of failure)
Confirm with . or Enter, or press ? or * to list all spells.
You don't have enough magic to cast that spell.
Unknown command.
Casting: Lehudib's Crystal Spear (safe; 1% risk of failure)
Confirm with . or Enter, or press ? or * to list all spells.
You don't have enough magic to cast that spell.
Unknown command.
Casting: Lehudib's Crystal Spear (safe; 1% risk of failure)
Confirm with . or Enter, or press ? or * to list all spells.
You don't know that spell.
Unknown command.
Casting: Lehudib's Crystal Spear (safe; 1% risk of failure)
Confirm with . or Enter, or press ? or * to list all spells.
The dungeon rumbles!
Ka-crash!
* * * LOW MAGIC WARNING * * *
Unknown command.
You have escaped!

######..###......# #.#.#....##
..............#..#...##.#.#######
#######.###.#.#..#..#.#.#.......#
..................... ........#.#
########..###.......#.#..####.#.#
#...#.#.....#.....# #.#.#
##.....#.......#..# #.#.#
#................# #.#.#
#.......L....)...# #.#..
#.#..............# #.###
#.........#......# #.#
##....#.....#...#.# #.#
#....#.......#..#.# #.#
#...........#.....# #.###
#...........#..##.# #....
#...........#...#.########
#...#####.###.# #.#.......


There were no monsters in sight!

Vanquished Creatures
  Antaeus (Coc:7)
  Asmodeus (Geh:7)
  the Royal Jelly (Slime:5)
  the Serpent of Hell (Coc:7)
  Gloorx Vloq (Pan)
  A seraph (Pan)
  7 ancient liches
  Mara (Spider:3)
  3 juggernauts (Zig:15)
  5 orbs of fire (Zot:5)
  8 greater mummies
  Sojobo (Tomb:1)
  5 shard shrikes
  the Lernaean hydra (Swamp:4)
  2 caustic shrikes
  A curse toe (Zot:3)
  2 golden dragons
  2 pandemonium lords
  Nikola (Swamp:1)
  7 bone dragons
  An electric golem (Zot:5)
  Arachne (Spider:3)
  The ghost of Mandevil the Executioner, an adept HuFi of Okawaru (Vaults:4)
  4 doom hounds
  11 Brimstone Fiends
  5 Tzitzimimeh
  10 liches
  A hellephant (Zig:19)
  4 tentacled monstrosities
  2 Hell Sentinels (Dis:7)
  8 Orb Guardians (Zot:5)
  15 Ice Fiends
  A quicksilver dragon (shapeshifter) (Zig:13)
  A deep elf master archer (Elf:3)
  A titan (Vaults:5)
  6 quicksilver dragons
  An eldritch tentacle (Tomb:2)
  16 acid blobs
  4 death cobs (Zot:5)
  4 ancient champions
  8 shadow dragons
  6 sphinxes
  12 Executioners
  5 tengu reavers
  Agnes (D:15)
  A tentacled starspawn (Zig:14)
  3 revenants
  2 thorn hunters
  A storm dragon (Vaults:5)
  Roxanne (Swamp:3)
  2 nagarajas (Zig:17)
  12 azure jellies
  2 daevas (Pan)
  7 deep elf sorcerers
  14 fire giants
  3 draconian knights
  2 emperor scorpions (Spider:4)
  7 iron dragons
  2 juggernaut zombies
  3 cacodemons (Pan)
  3 orc warlords
  12 frost giants
  6 ghost moths
  15 vault wardens
  15 balrugs
  2 curse skulls
  A caustic shrike zombie (Zig:20)
  4 warmongers (Pan)
  3 deep elf elementalists
  13 ironheart preservers
  An elemental wellspring (Coc:7)
  3 ghouls
  An angel (Pan)
  23 very ugly things
  11 war gargoyles
  2 ophanim (Pan)
  12 stone giants
  22 reapers
  3 caustic shrike skeletons
  3 corrupters
  2 green draconians
  2 apis (Pan)
  3 vampire knights
  3 entropy weavers
  5 deep elf demonologists
  A black draconian (Zot:2)
  3 black suns (Pan)
  2 white draconians (Zot:3)
  A blood saint (Pan)
  A minotaur (Lab)
  Azrael (D:15)
  5 bennus
  A purple draconian (Zot:2)
  6 deep elf annihilators
  10 lorocyprocas
  A red draconian (Zot:5)
  A dire elephant (Zig:19)
  9 spark wasps
  A yellow draconian (Zot:1)
  A merfolk javelineer (Depths:4)
  7 blizzard demons
  A crystal guardian (Vaults:2)
  5 death oozes
  4 green deaths
  8 deep elf death magi
  9 fire dragons
  3 eidola
  3 quicksilver dragon zombies
  10 great orbs of eyes
  12 jiangshi
  9 mummy priests
  9 ettins
  7 deep elf high priests
  A great orb of eyes (shapeshifter) (Vaults:5)
  Josephine (D:14)
  8 yaktaur captains
  Erolcha (Orc:2)
  19 ice dragons
  A hell beast (Zig:11)
  A naga warrior (Zig:17)
  28 vault guards
  A quicksilver dragon skeleton (Geh:1)
  19 hydras
  4 rakshasas
  3 spriggan air magi
  An anaconda (shapeshifter) (Vaults:5)
  2 monstrous demonspawn (Pan)
  3 death knights
  11 centaur warriors
  28 two-headed ogres
  2 alligators (Zig:16)
  10 dancing weapons
  7 deep troll shamans
  12 ogre magi
  11 deep troll earth magi
  8 tengu warriors
  4 titan zombies
  6 death scarabs
  7 hell hogs
  2 death yaks (Lair:3)
  2 spriggan berserkers
  Urug (D:10)
  12 vampire magi
  4 orc high priests
  3 naga sharpshooters (Zig:17)
  3 storm dragon zombies
  2 shock serpents (Zig:17)
  9 hell knights
  13 sun demons
  2 spriggans (Swamp:2)
  12 deep elf knights
  5 iron golems
  10 shadow wraiths
  6 soul eaters
  10 iron trolls
  The ghost of kusayu the Shield-Bearer, a novice GnFi (D:9)
  A cherub (Pan)
  2 sixfirhies
  A fire crab (Lair:4)
  3 wretched stars (Abyss:3)
  52 skeletal warriors
  A glowing orange brain (shapeshifter) (Vaults:5)
  23 deep trolls
  A golden dragon zombie (Zig:12)
  A gelid demonspawn (Pan)
  A spriggan druid (Zig:16)
  A storm dragon skeleton (Coc:6)
  2 unseen horrors
  15 shadow demons
  2 glowing orange brains
  10 swamp dragons
  4 anaconda zombies
  11 flayed ghosts
  4 death drakes (Zig:16)
  17 large abominations
  2 torturous demonspawn (Pan)
  4 wizards
  4 harpies
  2 golden dragon skeletons
  12 deep elf archers
  12 ironbrand convokers
  9 phantasmal warriors
  2 shadow dragon zombies
  A shambling mangrove (Zig:4)
  10 necromancers
  A lindwurm (shapeshifter) (Depths:5)
  10 orb spiders
  2 mana vipers (shapeshifter)
  2 anaconda skeletons
  2 mana vipers (Zig:17)
  17 orc knights
  5 stone giant zombies
  A tengu zombie (Zig:6)
  33 deep elf magi
  2 wolf spider zombies
  2 lindwurms
  An iron dragon zombie (Coc:1)
  A shadow dragon skeleton (Geh:7)
  A wolf spider (shapeshifter) (Vaults:4)
  3 shining eyes
  26 wolf spiders
  19 orc sorcerers
  2 elephants (shapeshifter)
  An oklob plant (Zig:11)
  7 cyclopes
  60 ugly things
  A faun (shapeshifter) (Zig:10)
  An orb spider (shapeshifter) (Vaults:5)
  A fire giant zombie (Geh:7)
  3 manticores
  9 moths of wrath
  A dire elephant zombie (Geh:6)
  7 elephants
  3 frost giant skeletons
  2 guardian serpents (Zig:17)
  4 iron dragon skeletons
  8 black mambas
  A naga mage (Zig:17)
  2 shock serpent zombies
  16 vault sentinels
  4 orange demons
  17 rust devils
  Maurice (D:12)
  2 fire giant skeletons
  A guardian serpent (shapeshifter) (Depths:5)
  An eye of devastation (Pan)
  4 torpor snails
  8 smoke demons
  2 gargoyles
  14 spiny frogs
  2 spriggan skeletons (Zig:20)
  12 hellions
  A shock serpent skeleton (Crypt:2)
  2 dire elephant skeletons
  47 yaktaurs
  A minotaur zombie (Crypt:1)
  A rime drake (Lair:6)
  A kobold demonologist (D:11)
  A hellwing (Pan)
  5 komodo dragons
  A yaktaur (shapeshifter) (Zig:10)
  An ancient zyme (Abyss:5)
  A purple draconian zombie (Crypt:2)
  18 freezing wraiths
  4 efreet
  A silent spectre (Tar:4)
  9 demonic crawlers
  14 tormentors
  An anaconda simulacrum (Coc:7)
  31 guardian mummies
  3 hydra zombies
  An alligator snapping turtle skeleton (Crypt:1)
  6 ice devils
  2 red devils
  A grey draconian skeleton (Crypt:2)
  A yaktaur skeleton (Depths:2)
  10 trolls
  A troll (shapeshifter) (Depths:3)
  4 tengu conjurers
  A wind drake (Zig:1)
  A catoblepas skeleton (Crypt:2)
  2 harpy zombies
  13 jumping spiders
  A jumping spider (shapeshifter) (D:13)
  5 tyrant leeches
  4 raiju (Abyss:3)
  17 hornets
  A dream sheep (shapeshifter) (D:13)
  47 slime creatures
  Grinder (D:4)
  A slime creature (shapeshifter) (Depths:2)
  A fire giant simulacrum (Zig:12)
  9 blink frogs
  2 harpy skeletons
  5 bog bodies
  2 ice dragon zombies
  A spriggan zombie (Zig:3)
  3 hydra skeletons
  A deep troll zombie (Zig:3)
  2 ettin zombies
  11 dream sheep
  2 black mamba zombies
  3 ettin skeletons
  20 ushabtiu
  3 alligator skeletons
  58 flying skulls
  4 hippogriffs
  41 redbacks
  14 shadows
  An air elemental (Elf:3)
  4 ynoxinuls
  A fire dragon skeleton (Coc:5)
  4 water elementals
  11 wraiths
  5 fire bats (Abyss:3)
  A dire elephant simulacrum (Crypt:3)
  3 fire elementals
  34 yaks
  A spriggan (shapeshifter) (Depths:1)
  2 tarantellas (shapeshifter)
  A wyvern (shapeshifter) (Vaults:1)
  2 black mamba skeletons
  8 golden eyes
  17 tarantellas
  3 basilisks
  5 hogs (D:13)
  12 vampire mosquitoes
  7 chaos spawn
  3 hungry ghosts
  2 steam dragons (Lair:6)
  2 human simulacra
  5 neqoxecs
  2 nagas (Zig:17)
  22 swamp worms
  A two-headed ogre zombie (Crypt:1)
  6 wargs
  An acid dragon (Lair:6)
  An insubstantial wisp (Zig:16)
  15 soldier ants (Spider:3)
  6 porcupines
  3 spiny frog zombies
  A floating eye (shapeshifter) (Vaults:3)
  26 hell hounds
  11 water moccasins
  2 hydra simulacra
  A floating eye (Depths:2)
  43 orc warriors
  4 sky beasts
  A snapping turtle zombie (Coc:1)
  A fire dragon simulacrum (Tomb:3)
  8 ice beasts
  7 swamp drakes
  2 black bears
  An ice dragon simulacrum (Coc:6)
  38 ogres
  2 phantoms
  4 necrophages
  An ettin simulacrum (Tomb:3)
  An alligator simulacrum (Hell)
  7 eyes of draining
  29 centaurs
  8 boggarts
  4 elf skeletons
  A manticore skeleton (Crypt:2)
  3 snapping turtle skeletons
  A swamp dragon skeleton (Hell)
  28 wolves
  A manticore zombie (Crypt:1)
  13 crocodiles
  A yaktaur zombie (Zig:3)
  4 elf zombies
  19 bullfrogs
  3 small abominations
  5 big kobolds
  A gnoll sergeant (D:8)
  5 water moccasin zombies (Ossuary)
  4 earth elementals
  A wyvern skeleton (D:15)
  A scorpion (D:11)
  23 wights
  2 electric eels (Spider:4)
  4 howler monkeys
  11 crimson imps
  2 human zombies
  A quasit (D:10)
  A centaur zombie (D:7)
  3 jellies
  13 orc priests
  2 bullfrog skeletons
  6 hounds
  3 iguanas
  18 iron imps
  5 centaur skeletons
  41 orc wizards
  20 worker ants
  A lightning spire (Zig:10)
  A killer bee zombie (D:7)
  3 hound skeletons
  26 mummies
  2 worker ant zombies (D:5)
  Robin (D:2)
  7 gnolls
  13 adders
  A howler monkey skeleton (D:10)
  8 shadow imps
  3 white imps
  An ooze (D:1)
  9 adder zombies
  An iguana skeleton (Crypt:1)
  4 worms
  4 ball lightnings (Pan)
  4 dart slugs
  8 leopard geckos
  84 orcs
  6 giant cockroaches
  3 gnoll zombies (Ossuary)
  11 goblins
  9 hobgoblins
  A jackal (shapeshifter) (Vaults:5)
  10 jackals
  3 quokkas
  A ball python (D:1)
  A ball python zombie (Crypt:2)
  14 bats
  7 frilled lizards
  7 hobgoblin zombies (Ossuary)
  19 kobolds
  A kobold simulacrum (Coc:6)
  4 kobold zombies (Ossuary)
  2 leopard gecko skeletons (D:5)
  10 orc zombies
  A quokka skeleton (D:6)
  A quokka zombie (D:7)
  7 rats
  5 fire vortices (Pan)
  A plant (Lair:6)
  A starspawn tentacle (Zig:14)
2765 creatures vanquished.

Vanquished Creatures (collateral kills)
  Cerebov (Pan)
  Ereshkigal (Tar:7)
  Mnoleg (Pan)
  Lom Lobon (Pan)
  Khufu (Crypt:3)
  4 ancient liches
  Dispater (Dis:7)
  2 orbs of fire (Zot:5)
  The ghost of Banto the Demonspawn of Death, a legendary DsGl of Okawaru (Pan)
  5 pandemonium lords
  10 greater mummies
  3 shard shrikes
  Margery (Crypt:3)
  Geryon (Hell)
  A curse toe (Zot:5)
  6 Killer Klowns
  Xtahua (Vaults:5)
  5 caustic shrikes
  3 golden dragons (Zig:16)
  A profane servitor (Crypt:3)
  6 bone dragons
  A pearl dragon (Pan)
  15 Brimstone Fiends
  9 Tzitzimimeh
  4 doom hounds
  2 hellephants (Zig:19)
  3 iron giants (Dis:7)
  5 liches
  8 tentacled monstrosities
  16 Ice Fiends
  4 Hell Sentinels
  3 quicksilver dragons
  17 Orb Guardians
  2 deep elf blademasters
  6 titans
  An acid blob (shapeshifter) (Depths:4)
  15 acid blobs
  9 Executioners (Pan)
  Murray (Hell)
  5 tentacled starspawn
  8 ancient champions
  2 thorn hunters
  9 eldritch tentacles
  8 sphinxes
  2 death cobs
  5 shadow dragons
  4 revenants
  3 tengu reavers
  A shadow dragon (shapeshifter) (Zig:13)
  8 daevas (Pan)
  8 storm dragons
  5 nagarajas (Zig:17)
  2 draconian monks (Zot:3)
  5 fire giants
  6 frost giants
  8 vault wardens
  4 azure jellies
  4 corrupters
  A draconian knight (Zot:2)
  3 warmongers
  4 iron dragons
  22 balrugs
  An orc warlord (Zig:9)
  2 curse skulls
  3 deep elf sorcerers
  14 cacodemons
  2 draconian scorchers
  3 ghouls
  6 ironheart preservers
  8 angels (Pan)
  A draconian stormcaller (Zot:2)
  A deep elf elementalist (Elf:3)
  3 elemental wellsprings (Coc:7)
  A spriggan defender (Depths:5)
  5 draconian annihilators
  2 entropy weavers (Spider:3)
  3 blood saints
  18 war gargoyles
  A juggernaut skeleton (Crypt:2)
  49 reapers
  A caustic shrike skeleton (Depths:5)
  7 bennus
  20 very ugly things
  10 apis (Pan)
  8 ophanim (Pan)
  2 green draconians
  5 vampire knights
  10 lorocyprocas
  A black draconian (Zot:3)
  2 deep elf demonologists (Elf:3)
  12 stone giants
  5 dire elephants (Zig:19)
  3 red draconians
  5 spark wasps
  4 deep elf annihilators
  A dire elephant (shapeshifter) (Zig:13)
  6 white draconians
  A merfolk javelineer (Depths:2)
  5 purple draconians
  4 black suns
  11 green deaths
  An eidolon (Crypt:1)
  4 deep elf death magi
  2 death oozes (Slime:5)
  7 yaktaur captains
  A spectral kraken (Tar:7)
  14 blizzard demons
  16 jiangshi
  An ettin (Vaults:5)
  2 quicksilver dragon zombies
  A merfolk impaler (Depths:2)
  6 fire dragons
  8 great orbs of eyes
  14 mummy priests
  2 deep elf high priests
  3 naga warriors (Zig:17)
  4 quicksilver dragon skeletons
  14 rakshasas
  3 vault guards
  10 ice dragons
  8 hydras
  5 monstrous demonspawn (Pan)
  4 death knights
  2 centaur warriors
  2 hell beasts
  3 alligators
  4 spriggan air magi
  An anaconda (shapeshifter) (Depths:5)
  5 two-headed ogres
  17 dancing weapons
  4 deep troll earth magi
  10 death scarabs (Tomb:1)
  7 deep troll shamans
  8 ogre magi
  2 tengu warriors (Depths:3)
  5 death yaks
  19 hell hogs
  An orc high priest (Elf:3)
  6 vampire magi
  2 naga sharpshooters
  A queen ant (Spider:3)
  6 titan zombies
  43 hell knights
  20 soul eaters
  20 iron golems
  19 sun demons
  4 titan skeletons
  A shock serpent (shapeshifter) (Zig:10)
  2 shock serpents (Zig:17)
  16 deep elf knights
  4 storm dragon zombies
  A spriggan (Swamp:1)
  12 iron trolls
  3 wretched stars (Zig:14)
  60 skeletal warriors
  13 sixfirhies
  6 shadow wraiths
  2 salamander mystics
  10 shadow demons
  2 golden dragon zombies
  9 cherubim (Pan)
  An infernal demonspawn (Pan)
  10 anaconda zombies
  5 storm dragon skeletons
  A spark wasp zombie (Depths:5)
  8 flayed ghosts
  A death drake (shapeshifter) (Zig:9)
  A ghost moth zombie (Geh:1)
  2 unseen horrors (Vaults:1)
  7 glowing orange brains
  14 deep trolls
  4 shadow dragon zombies
  2 gelid demonspawn (Pan)
  7 swamp dragons
  2 torturous demonspawn
  7 orc knights
  6 deep elf archers
  A tengu zombie (Zig:12)
  15 phantasmal warriors
  4 ironbrand convokers
  11 wizards
  2 naga ritualists (Zig:17)
  A wolf spider zombie (Hell)
  A shambling mangrove (Swamp:4)
  11 necromancers
  6 anaconda skeletons
  4 orb spiders
  A mana viper (Zig:17)
  2 harpies
  An orc sorcerer (Vaults:1)
  2 cyclopes (Vaults:1)
  7 wolf spiders
  4 fire giant zombies
  2 human zombies
  39 deep elf magi
  6 shining eyes
  7 oklob plants (Zig:11)
  4 iron dragon zombies
  2 frost giant skeletons
  11 elephants
  31 large abominations
  3 stone giant zombies
  9 moths of wrath
  2 salamanders (Depths:2)
  9 ugly things
  4 guardian serpents (Zig:17)
  4 shadow dragon skeletons
  6 dire elephant zombies
  5 fire giant skeletons
  2 apocalypse crabs (Zig:13)
  3 iron dragon skeletons
  3 frost giant zombies
  A black mamba (shapeshifter) (Depths:2)
  9 molten gargoyles
  2 naga magi (Zig:17)
  41 rust devils
  13 orange demons (Pan)
  A water nymph (Zig:1)
  7 black mambas
  An ice statue (Zig:2)
  5 eyes of devastation
  A shock serpent skeleton (Tar:7)
  28 smoke demons
  3 dire elephant skeletons
  7 vault sentinels
  6 spiny frogs
  2 torpor snails
  17 hellions
  3 spectral swamp worms (Tar:7)
  3 catoblepas zombies
  10 freezing wraiths
  3 stone giant skeletons
  2 emperor scorpion zombies
  3 komodo dragons
  10 demonic crawlers
  15 hellwings
  2 rime drakes
  7 efreet
  22 tormentors
  9 yaktaurs
  18 guardian mummies
  A troll (shapeshifter) (Vaults:1)
  2 ancient zymes (Abyss:3)
  A catoblepas skeleton (Crypt:3)
  13 ice devils
  A queen ant zombie (Crypt:2)
  4 hydra zombies
  A harpy zombie (Coc:3)
  38 red devils
  A polar bear (Zig:19)
  13 jumping spiders
  3 tyrant leeches (Lair:2)
  A raiju (shapeshifter) (Depths:1)
  A jumping spider (shapeshifter) (Depths:5)
  3 hydra skeletons
  A harpy skeleton (Geh:6)
  6 hornets
  5 blink frogs
  5 hippogriffs
  12 wind drakes (Pan)
  11 bog bodies
  49 slime creatures
  5 dream sheep
  A spriggan zombie (Depths:1)
  5 raiju
  2 fire dragon zombies
  3 ettin zombies
  5 small abominations
  A human simulacrum (Vaults:4)
  4 ice dragon zombies
  A satyr skeleton (Crypt:1)
  4 alligator zombies
  3 ice dragon skeletons
  2 black mamba zombies
  7 water elementals
  3 air elementals
  A guardian serpent skeleton (Crypt:2)
  A starcursed mass (Abyss:3)
  A frost giant simulacrum (Tomb:2)
  69 flying skulls
  12 shadows
  3 ushabtiu
  10 ynoxinuls (Pan)
  31 redbacks
  5 ettin skeletons
  15 tarantellas
  A wyvern (shapeshifter) (Depths:5)
  29 wraiths
  A fire dragon skeleton (Coc:1)
  24 fire elementals
  A fire bat (Abyss:3)
  11 yaks
  A wyvern (Zig:19)
  12 chaos spawn
  A steam dragon (Lair:6)
  4 golden eyes
  10 vampire mosquitoes
  3 hungry ghosts
  15 neqoxecs (Pan)
  An emperor scorpion simulacrum (Coc:6)
  4 swamp worms
  6 insubstantial wisps
  2 wargs
  6 spatial vortices
  A naga (Zig:17)
  A swamp worm (shapeshifter) (Vaults:4)
  10 soldier ants (Spider:3)
  3 porcupines
  8 water moccasins
  A floating eye (Pan)
  5 spiny frog zombies
  46 hell hounds
  6 orc warriors
  10 swamp drakes
  3 ice beasts
  4 spiny frog skeletons
  A manticore zombie (Dis:1)
  5 phantoms
  A sky beast (shapeshifter) (Depths:5)
  3 swamp dragon zombies
  3 snapping turtle zombies
  5 eyes of draining
  3 ogres
  5 boggarts
  13 necrophages
  4 centaurs
  22 wolves
  A manticore skeleton (Geh:3)
  4 snapping turtle skeletons
  11 crocodiles
  An elf zombie (Elf:3)
  3 bullfrogs
  A spiny frog simulacrum (Coc:1)
  35 wights
  2 electric eels
  6 crimson imps
  8 orc priests
  19 iron imps
  3 orc wizards
  2 centaur skeletons
  4 worker ants (Spider:3)
  31 mummies
  3 shadow imps
  4 white imps
  An ufetubus (Abyss:3)
  A barachi skeleton (Crypt:1)
  11 orcs
  A gnoll skeleton (Crypt:1)
  A block of ice (Pan)
  3 fire vortices (Pan)
  A plant (Zig:11)
  7 starspawn tentacles
2411 creatures vanquished.

Vanquished Creatures (others)
  An ancient lich (Vaults:5)
  A shard shrike (Coc:1)
  A Killer Klown (Zot:5)
  A golden dragon (Vaults:5)
  2 Tzitzimimeh (Tar:7)
  A Brimstone Fiend (Dis:7)
  An Ice Fiend (Coc:7)
  A lich (Tomb:2)
  A tentacled starspawn (Zig:14)
  175 eldritch tentacles
  An Executioner (Pan)
  A frost giant (Coc:6)
  A warmonger (Pan)
  A caustic shrike skeleton (Depths:5)
  An ophan (Pan)
  A green draconian (Zot:5)
  A deep elf annihilator (Pan)
  A merfolk javelineer (Depths:4)
  A blizzard demon (Pan)
  A mummy priest (Tomb:3)
  A deep elf high priest (Elf:3)
  A quicksilver dragon skeleton (Crypt:1)
  An ice dragon (Depths:2)
  An alligator (Swamp:1)
  4 death scarabs (Tomb:1)
  An ogre mage (Abyss:3)
  A deep troll earth mage (Depths:2)
  2 hell hogs
  A dancing weapon (Elf:2)
  A soul eater (Pan)
  An iron troll (Dis:7)
  An anaconda zombie (Coc:1)
  3 skeletal warriors
  An unseen horror (Abyss:3)
  An ironbrand convoker (Zig:16)
  An ugly thing (Depths:2)
  A deep elf mage (Elf:2)
  3 smoke demons
  An orange demon (Abyss:3)
  A spectral swamp worm (Tar:7)
  A rust devil (Dis:5)
  A demonic crawler (Spider:3)
  A hydra zombie (Coc:7)
  2 wind drakes (Pan)
  A meliai zombie (D:15)
  A bog body (Swamp:1)
  2 wraiths
  3 flying skulls
  A ynoxinul (Pan)
  An alligator skeleton (Hell)
  A shadow (Geh:7)
  A wyvern (D:8)
  2 chaos spawn (Abyss:3)
  2 slaves (D:8)
  2 neqoxecs (Pan)
  A floating eye (Pan)
  3 hell hounds
  A spiny frog zombie (Coc:1)
  A spiny frog skeleton (Coc:1)
  2 ice beasts
  An eye of draining (Abyss:3)
  A necrophage (Tar:6)
  A boggart (Depths:2)
  A big kobold (D:8)
  An elf zombie (D:15)
  A small abomination (Abyss:3)
  3 wights
  2 human zombies (D:15)
  An iron imp (Dis:7)
  An orc wizard (Orc:2)
  2 human skeletons (D:15)
  5 mummies
  7 ball lightnings (Pan)
  2 kobolds (D:8)
  A briar patch (Pan)
  3 fire vortices (Pan)
  13 fungi
  A lurking horror (Abyss:3)
  25 plants
  6 snaplasher vines
  8 starspawn tentacles
  10 tentacles (Tar:7)
349 creatures vanquished.

Grand Total: 5525 creatures vanquished

Notes
Turn   | Place    | Note
-------+----------+-------------------------------------------
     0 | D:1      | WhatIsLove the Gnoll Earth Elementalist began the quest for the Orb.
     0 | D:1      | Reached XP level 1. HP: 13/13 MP: 6/6
   181 | D:1      | Reached XP level 2. HP: 19/19 MP: 4/7
   524 | D:1      | Reached XP level 3. HP: 25/25 MP: 3/9
   804 | D:2      | Reached skill level 5 in Spellcasting
   883 | D:2      | Noticed a centaur
   888 | D:2      | Killed a centaur
   888 | D:2      | Reached skill level 1 in Fighting
   888 | D:2      | Reached skill level 1 in Short Blades
   888 | D:2      | Reached skill level 1 in Long Blades
   888 | D:2      | Reached skill level 1 in Axes
   888 | D:2      | Reached skill level 1 in Maces & Flails
   888 | D:2      | Reached skill level 1 in Polearms
   888 | D:2      | Reached skill level 1 in Staves
   888 | D:2      | Reached skill level 1 in Slings
   888 | D:2      | Reached skill level 1 in Bows
   888 | D:2      | Reached skill level 1 in Crossbows
   888 | D:2      | Reached skill level 1 in Throwing
   888 | D:2      | Reached skill level 1 in Armour
   888 | D:2      | Reached skill level 1 in Shields
   888 | D:2      | Reached skill level 1 in Unarmed Combat
   888 | D:2      | Reached skill level 1 in Conjurations
   888 | D:2      | Reached skill level 1 in Hexes
   888 | D:2      | Reached skill level 1 in Charms
   888 | D:2      | Reached skill level 1 in Summonings
   888 | D:2      | Reached skill level 1 in Necromancy
   888 | D:2      | Reached skill level 1 in Translocations
   888 | D:2      | Reached skill level 1 in Fire Magic
   888 | D:2      | Reached skill level 1 in Ice Magic
   888 | D:2      | Reached skill level 1 in Air Magic
   888 | D:2      | Reached skill level 1 in Poison Magic
   888 | D:2      | Reached skill level 1 in Invocations
   888 | D:2      | Reached skill level 1 in Evocations
   888 | D:2      | Reached XP level 4. HP: 25/32 MP: 7/11
   902 | D:2      | Reached XP level 5. HP: 24/37 MP: 8/12
   907 | D:2      | Learned a level 3 spell: Stone Arrow
   951 | D:2      | Found a sacrificial altar of Ru.
  1200 | D:2      | Noticed Robin
  1219 | D:2      | Killed Robin
  1253 | D:2      | Gained mutation: Your muscles are strong. (Str +2) [potion of mutation]
  1253 | D:2      | Gained mutation: Your spells are a little harder to cast, but a little more powerful. [potion of mutation]
  1403 | D:2      | Found a faded altar of an unknown god.
  1972 | D:3      | Reached skill level 2 in Invocations
  1972 | D:3      | Reached XP level 6. HP: 44/44 MP: 10/13
  2065 | D:3      | Reached skill level 5 in Dodging
  2664 | D:4      | Found an iron altar of Okawaru.
  2750 | D:4      | Noticed Grinder
  2751 | D:4      | Paralysed by Grinder for 7 turns
  2764 | D:4      | Killed Grinder
  2764 | D:4      | Reached XP level 7. HP: 51/51 MP: 12/15
  2822 | D:4      | Learned a level 4 spell: Petrify
  2828 | D:4      | Learned a level 5 spell: Lee's Rapid Deconstruction
  2968 | D:4      | Reached skill level 5 in Stealth
  2969 | D:4      | Reached skill level 3 in Invocations
  3152 | D:5      | Entered Level 5 of the Dungeon
  3241 | D:5      | Reached XP level 8. HP: 44/57 MP: 6/16
  3332 | D:5      | Found a sand-covered staircase.
  3343 | Ossuary  | Entered an ossuary
  4040 | D:5      | Found a snail-covered altar of Cheibriados.
  4051 | D:5      | Became a worshipper of Cheibriados the Contemplative
  4363 | D:6      | Noticed Azzok's ghost (novice MiFi)
  4375 | D:6      | HP: 2/58 [Azzok's ghost (14)]
  4613 | D:7      | Reached skill level 4 in Invocations
  4636 | D:7      | Reached XP level 9. HP: 47/65 MP: 4/18
  4638 | D:7      | Reached * piety under Cheibriados
  4691 | D:7      | Found an opulent altar of Gozag.
  4762 | D:7      | Found a deep blue altar of Sif Muna.
  4945 | D:6      | Found Bioviucw's Armour Shop.
  4991 | D:6      | Found a staircase to the Ecumenical Temple.
  5199 | D:6      | Reached ** piety under Cheibriados
  5507 | Temple   | Entered the Ecumenical Temple
  5815 | D:8      | Noticed Pikel
  5833 | D:8      | Noticed Pikel
  5833 | D:8      | Pikel changed into Pikel the troll
  5834 | D:8      | Noticed Pikel
  5834 | D:8      | Pikel the troll changed into Pikel the orb spider
  5836 | D:8      | Noticed Pikel
  5836 | D:8      | Pikel the orb spider changed into Pikel the tarantella
  5848 | D:8      | Your ally Pikel died
  5923 | D:8      | Reached skill level 5 in Invocations
  6050 | D:8      | Reached XP level 10. HP: 73/73 MP: 20/20
  6081 | D:8      | Reached *** piety under Cheibriados
  6610 | D:8      | Found a white marble altar of Elyvilon.
  6631 | D:9      | Noticed kusayu's ghost (novice GnFi)
  6637 | D:9      | Killed kusayu's ghost
  6637 | D:9      | Reached skill level 5 in Fighting
  6637 | D:9      | Reached skill level 5 in Short Blades
  6637 | D:9      | Reached skill level 5 in Long Blades
  6637 | D:9      | Reached skill level 5 in Axes
  6637 | D:9      | Reached skill level 5 in Maces & Flails
  6637 | D:9      | Reached skill level 5 in Polearms
  6637 | D:9      | Reached skill level 5 in Staves
  6637 | D:9      | Reached skill level 5 in Slings
  6637 | D:9      | Reached skill level 5 in Bows
  6637 | D:9      | Reached skill level 5 in Crossbows
  6637 | D:9      | Reached skill level 5 in Throwing
  6637 | D:9      | Reached skill level 5 in Armour
  6637 | D:9      | Reached skill level 5 in Shields
  6637 | D:9      | Reached skill level 5 in Unarmed Combat
  6637 | D:9      | Reached skill level 5 in Evocations
  6804 | D:9      | Found a radiant altar of Vehumet.
  6835 | D:9      | Found a burning altar of Makhleb.
  6841 | D:9      | Found a sparkling altar of Nemelex Xobeh.
  6845 | D:9      | Found a shadowy altar of Dithmenos.
  6848 | D:9      | Found a hide-covered altar of Uskayaw.
  6856 | D:9      | Found a shattered altar of Ashenzari.
  6882 | D:9      | Found a staircase to the Lair.
  6893 | D:9      | Reached **** piety under Cheibriados
  7128 | D:9      | Reached skill level 5 in Transmutations
  7496 | D:10     | Entered Level 10 of the Dungeon
  7503 | D:10     | Killed an unseen horror
  7503 | D:10     | Reached skill level 6 in Invocations
  7509 | D:10     | Noticed a two-headed ogre
  7517 | D:10     | Killed a two-headed ogre
  7517 | D:10     | Reached XP level 11. HP: 75/81 MP: 2/22
  7583 | D:10     | Noticed a cyclops
  7588 | D:10     | Killed a cyclops
  7767 | D:10     | Reached ***** piety under Cheibriados
  7771 | D:10     | Reached skill level 5 in Conjurations
  7771 | D:10     | Reached skill level 5 in Hexes
  7771 | D:10     | Reached skill level 5 in Charms
  7771 | D:10     | Reached skill level 5 in Summonings
  7771 | D:10     | Reached skill level 5 in Necromancy
  7771 | D:10     | Reached skill level 5 in Translocations
  7771 | D:10     | Reached skill level 5 in Fire Magic
  7771 | D:10     | Reached skill level 5 in Ice Magic
  7771 | D:10     | Reached skill level 5 in Air Magic
  7771 | D:10     | Reached skill level 5 in Poison Magic
  7900 | D:10     | Noticed Urug
  7908 | D:10     | Killed Urug
  8411 | D:10     | Noticed a two-headed ogre
  8418 | D:10     | Killed a two-headed ogre
  8527 | D:11     | Noticed a two-headed ogre
  8537 | D:11     | Killed a two-headed ogre
  8537 | D:11     | Reached skill level 7 in Invocations
  8547 | D:11     | Noticed a green ugly thing
  8601 | D:11     | Killed a green ugly thing
  8804 | D:11     | Reached XP level 12. HP: 46/89 MP: 0/24
  9072 | D:11     | Noticed a two-headed ogre
  9092 | D:11     | Found a staircase to the Orcish Mines.
  9105 | D:11     | Killed a two-headed ogre
  9111 | D:11     | Noticed a death knight
  9119 | D:11     | Killed a death knight
  9121 | D:11     | Got a bloodstained scimitar {freeze}
  9122 | D:11     | Identified the +7 scimitar of Valour {freeze, rN+ Int-3 Dex+7 Stlth+} (You took it off a death knight on level 11 of the Dungeon)
  9370 | D:11     | Noticed a two-headed ogre
  9374 | D:11     | Killed a two-headed ogre
  9616 | Orc:1    | Entered Level 1 of the Orcish Mines
  9635 | Orc:1    | Reached ****** piety under Cheibriados
  9706 | Orc:1    | Found a burning altar of Makhleb.
  9782 | Orc:1    | Noticed a two-headed ogre
  9818 | Orc:1    | Killed a two-headed ogre
  9818 | Orc:1    | Reached skill level 8 in Invocations
 10259 | Orc:2    | Entered Level 2 of the Orcish Mines
 10421 | Orc:2    | Found a staircase to the Elven Halls.
 10435 | Orc:2    | Noticed a two-headed ogre
 10439 | Orc:2    | Killed a two-headed ogre
 10626 | Orc:2    | Paralysed by an orc sorcerer for 4 turns
 10636 | Orc:2    | Reached XP level 13. HP: 79/98 MP: 17/26
 10711 | Orc:2    | Found Fefomex's Antique Weapon Emporium.
 10734 | Orc:2    | Noticed Erolcha
 10743 | Orc:2    | Killed Erolcha
 10870 | Orc:2    | Found a radiant altar of Vehumet.
 10872 | Orc:2    | Paralysed by an orc sorcerer for 4 turns
 10877 | Orc:2    | Paralysed by an orc sorcerer for 4 turns
 10909 | Orc:2    | Gained mutation: You expend magic power (3 MP) to strengthen your wands. [a neqoxec]
 10961 | Orc:2    | Found an ancient bone altar of Kikubaaqudgha.
 10965 | Orc:2    | Paralysed by an orc sorcerer for 6 turns
 10997 | Orc:2    | Found Miemn's Book Shoppe.
 11004 | Orc:2    | Bought a book of Power for 495 gold pieces
 11021 | Orc:2    | Learned a level 6 spell: Iron Shot
 11044 | Orc:2    | Found a roughly hewn altar of Beogh.
 11044 | Orc:2    | Found Caish's Magic Scroll Shoppe.
 11057 | Orc:2    | Found Bionwen's Distillery.
 11062 | Orc:2    | Bought a scroll of magic mapping for 49 gold pieces
 11528 | Orc:2    | Bought a scroll of teleportation for 42 gold pieces
 11528 | Orc:2    | Bought a scroll of teleportation for 42 gold pieces
 11528 | Orc:2    | Bought a scroll of teleportation for 42 gold pieces
 11528 | Orc:2    | Bought a scroll of teleportation for 42 gold pieces
 11528 | Orc:2    | Bought a scroll of blinking for 105 gold pieces
 11528 | Orc:2    | Bought a scroll of blinking for 105 gold pieces
 11537 | Orc:2    | Bought a potion of curing for 45 gold pieces
 11537 | Orc:2    | Bought a potion of curing for 45 gold pieces
 11537 | Orc:2    | Bought a potion of curing for 45 gold pieces
 11537 | Orc:2    | Bought a potion of curing for 45 gold pieces
 11702 | D:12     | Noticed Maurice
 11777 | D:12     | Killed Maurice
 12212 | D:13     | Got a pitted scale mail
 12269 | D:13     | Identified the cursed +1 scale mail of Disaster {+Inv} (You found it on level 13 of the Dungeon)
 12306 | D:13     | Reached skill level 9 in Invocations
 12320 | D:13     | Found a labyrinth entrance.
 12376 | Lab      | Entered a labyrinth
 12466 | Lab      | Noticed a minotaur
 12472 | Lab      | Killed a minotaur
 12480 | Lab      | Identified the Volume of Orientation
 12500 | Lab      | Found the +8 longbow "Zephyr" {speed, Dex+3 SInv}
 12503 | Lab      | Got a thick robe
 12514 | Lab      | Identified the +0 robe of the Raven {rCorr Str-5 Dex-4 SInv} (You found it in a labyrinth)
 12891 | D:13     | Found a gate to the Vaults.
 13067 | D:14     | Reached skill level 10 in Spellcasting
 13067 | D:14     | Reached XP level 14. HP: 106/106 MP: 28/28
 13117 | D:14     | Learned a level 6 spell: Dispersal
 13271 | D:14     | Noticed Josephine
 13281 | D:14     | Killed Josephine
 13424 | D:14     | Found a sparkling altar of Nemelex Xobeh.
 13451 | D:14     | Reached skill level 10 in Dodging
 13720 | D:15     | Entered Level 15 of the Dungeon
 13890 | D:15     | Noticed Agnes
 13892 | D:15     | Killed Agnes
 13892 | D:15     | Reached skill level 10 in Stealth
 13934 | D:15     | Learned a level 7 spell: Orb of Destruction
 14077 | D:15     | Reached skill level 10 in Invocations
 14559 | D:15     | Found a staircase to the Depths.
 14773 | D:15     | Noticed Azrael
 14777 | D:15     | Killed Azrael
 14781 | D:15     | Reached XP level 15. HP: 102/114 MP: 16/29
 14811 | D:15     | Found a basalt altar of Yredelemnul.
 14921 | Depths:1 | Entered Level 1 of the Depths
 15075 | Depths:1 | Noticed a frost giant
 15077 | Depths:1 | Killed a frost giant
 15111 | Depths:1 | Learned a level 7 spell: Spellforged Servitor
 15297 | Lair:1   | Entered Level 1 of the Lair of Beasts
 16239 | Lair:2   | Found a staircase to the Swamp.
 16768 | Lair:3   | Found a dark tunnel.
 16956 | Lair:3   | Reached skill level 10 in Earth Magic
 17397 | Lair:4   | Found a hole to the Spider Nest.
 17719 | Lair:4   | Reached skill level 10 in Fighting
 17719 | Lair:4   | Reached skill level 10 in Short Blades
 17719 | Lair:4   | Reached skill level 10 in Long Blades
 17719 | Lair:4   | Reached skill level 10 in Axes
 17719 | Lair:4   | Reached skill level 10 in Maces & Flails
 17719 | Lair:4   | Reached skill level 10 in Polearms
 17719 | Lair:4   | Reached skill level 10 in Staves
 17719 | Lair:4   | Reached skill level 10 in Slings
 17719 | Lair:4   | Reached skill level 10 in Bows
 17719 | Lair:4   | Reached skill level 10 in Crossbows
 17719 | Lair:4   | Reached skill level 10 in Throwing
 17719 | Lair:4   | Reached skill level 10 in Armour
 17719 | Lair:4   | Reached skill level 10 in Shields
 17719 | Lair:4   | Reached skill level 10 in Unarmed Combat
 17719 | Lair:4   | Reached skill level 10 in Evocations
 18475 | Lair:5   | Found a staircase to the Slime Pits.
 18542 | Lair:5   | Reached skill level 11 in Invocations
 18938 | Lair:6   | Entered Level 6 of the Lair of Beasts
 19366 | Lair:6   | Reached XP level 16. HP: 110/122 MP: 31/31
 20017 | Lair:6   | Learned a level 6 spell: Statue Form
 20256 | Lair:6   | Found a runed door.
 20599 | Swamp:1  | Entered Level 1 of the Swamp
 20599 | Swamp:1  | Noticed Nikola
 20599 | Swamp:1  | Noticed a thorn hunter
 20606 | Swamp:1  | Killed a thorn hunter
 20613 | Swamp:1  | Killed Nikola
 21155 | Swamp:2  | You fall through a shaft!
 21380 | Swamp:2  | Noticed a thorn hunter
 21397 | Swamp:2  | Killed a thorn hunter
 21937 | Swamp:3  | Noticed Roxanne
 21959 | Swamp:3  | Killed Roxanne
 21964 | Swamp:3  | Identified Roxanne's Papyrus of Stones (You took it off Roxanne on level 3 of the Swamp)
 22388 | Swamp:4  | Entered Level 4 of the Swamp
 22388 | Swamp:4  | Noticed a thorn hunter
 22392 | Swamp:4  | Killed a thorn hunter
 22730 | Swamp:4  | Noticed the 27-headed Lernaean hydra
 22733 | Swamp:4  | Killed the 27-headed Lernaean hydra
 22733 | Swamp:4  | Reached XP level 17. HP: 131/131 MP: 33/33
 22764 | Swamp:4  | Reached skill level 12 in Invocations
 22855 | Swamp:4  | Got a decaying rune of Zot
 23357 | Spider:1 | Entered Level 1 of the Spider Nest
 24971 | Spider:3 | Noticed Arachne
 25021 | Spider:3 | Reached skill level 10 in Transmutations
 25024 | Spider:3 | Killed Arachne
 25304 | Spider:3 | Noticed Mara
 25314 | Spider:3 | Noticed WhatIsLove's illusion
 25316 | Spider:3 | Killed Mara
 26121 | Spider:3 | Reached skill level 10 in Conjurations
 26121 | Spider:3 | Reached skill level 10 in Hexes
 26121 | Spider:3 | Reached skill level 10 in Charms
 26121 | Spider:3 | Reached skill level 10 in Summonings
 26121 | Spider:3 | Reached skill level 10 in Necromancy
 26121 | Spider:3 | Reached skill level 10 in Translocations
 26121 | Spider:3 | Reached skill level 10 in Fire Magic
 26121 | Spider:3 | Reached skill level 10 in Ice Magic
 26121 | Spider:3 | Reached skill level 10 in Air Magic
 26121 | Spider:3 | Reached skill level 10 in Poison Magic
 26307 | Spider:4 | Entered Level 4 of the Spider Nest
 26460 | Spider:4 | Reached XP level 18. HP: 139/139 MP: 34/34
 27496 | Spider:4 | Got a gossamer rune of Zot
 27948 | Elf:1    | Entered Level 1 of the Elven Halls
 28248 | Elf:1    | Reached skill level 13 in Invocations
 28397 | Elf:1    | Cast into level 3 of the Abyss (a deep elf sorcerer)
 28403 | Abyss:3  | Noticed a lich
 28408 | Abyss:3  | Noticed a lich
 28415 | Abyss:3  | Noticed a lich
 28415 | Abyss:3  | Noticed an ancient lich
 28417 | Abyss:3  | Noticed a lich
 28417 | Abyss:3  | Killed a lich
 28417 | Abyss:3  | Killed a lich
 28418 | Abyss:3  | Noticed a lich
 28418 | Abyss:3  | Killed a lich
 28420 | Abyss:3  | Killed an ancient lich
 28420 | Abyss:3  | Killed a lich
 28420 | Abyss:3  | Killed a lich
 28441 | Abyss:3  | Got an abyssal rune of Zot
 28490 | Abyss:3  | Found a corrupted altar of Lugonu.
 28690 | Abyss:3  | Reached XP level 19. HP: 126/147 MP: 36/36
 28743 | Abyss:3  | Noticed a lich
 28745 | Abyss:3  | Killed a lich
 28778 | Elf:1    | Escaped the Abyss
 29229 | Elf:2    | Learned a level 5 spell: Summon Forest
 29236 | Elf:2    | Learned a level 5 spell: Aura of Abjuration
 29277 | Elf:2    | Found a runed gate.
 29277 | Elf:2    | Found a runed gate.
 29277 | Elf:2    | Found a runed gate.
 29993 | Elf:3    | Entered Level 3 of the Elven Halls
 30146 | Elf:3    | Found a roughly hewn altar of Beogh.
 30444 | Elf:3    | Found Wuanomp's Food Shoppe.
 30722 | Elf:3    | Identified the Collected Works on Sinister Secrets
 30729 | Elf:3    | Learned a level 3 spell: Regeneration
 30783 | Elf:3    | Reached XP level 20. HP: 155/155 MP: 25/37
 30798 | Elf:3    | Reached skill level 14 in Invocations
 31081 | Elf:3    | Got a twisted scale mail
 31082 | Elf:3    | Identified the +2 scale mail of Salvation {-Tele rElec Int+3} (You took it off a deep elf high priest on level 3 of the Elven Halls)
 31085 | Elf:3    | Got a slimy iron ring
 31159 | Elf:3    | Identified the +4 war axe of Uraassymp {distort, +Rage rC+ Stlth+} (You took it off a deep elf sorcerer on level 3 of the Elven Halls)
 31161 | Elf:3    | Identified the amulet "Jaxkoelemn" {*Contam rPois Regen+ Int+6 Dex+4} (You took it off a deep elf demonologist on level 3 of the Elven Halls)
 31162 | Elf:3    | Identified the cursed ring of the Burgomaster {Int-2 Dex+4} (You took it off a deep elf elementalist on level 3 of the Elven Halls)
 31181 | Elf:3    | Identified the ring of Symmetry {rN+ Str+4 Int-2 Dex+5} (You took it off a deep elf archer on level 3 of the Elven Halls)
 31200 | Elf:3    | Identified the +7 scale mail of the Gravedigger {rN+ Regen+ Dex+6} (You found it on level 3 of the Elven Halls)
 31419 | Elf:3    | Identified Sif Muna's Almanac of Transmigration and Stones
 31471 | Elf:3    | Identified the Reference Book on Twisted Earth
 31807 | Vaults:1 | Entered Level 1 of the Vaults
 31818 | Vaults:1 | Paralysed by a great orb of eyes for 2 turns
 32035 | Vaults:1 | Paralysed by a sphinx for 7 turns
 32983 | Vaults:1 | Learned a level 8 spell: Ignition
 33746 | Vaults:2 | Reached XP level 21. HP: 134/163 MP: 18/39
 34712 | Vaults:3 | Found a staircase to the Crypt.
 34765 | Vaults:3 | Found Yninuc Quis's Assorted Antiques.
 34773 | Vaults:3 | Bought a glowing helmet for 202 gold pieces
 34848 | Vaults:3 | Bought a pitted ring mail for 243 gold pieces
 34858 | Vaults:3 | Identified the +5 ring mail of Listriso {*Contam rN+++ Regen+ Int-2} (You bought it in a shop on level 3 of the Vaults)
 34971 | Vaults:3 | Reached skill level 15 in Invocations
 35225 | Vaults:4 | Found Ysavyifi's Assorted Antiques.
 35228 | Vaults:4 | Bought a scroll of blinking for 210 gold pieces
 35228 | Vaults:4 | Bought a potion of curing for 84 gold pieces
 35228 | Vaults:4 | Bought a scroll of fog for 56 gold pieces
 35228 | Vaults:4 | Bought a potion of brilliance for 112 gold pieces
 35228 | Vaults:4 | Bought a scroll of immolation for 98 gold pieces
 35228 | Vaults:4 | Bought a pair of embroidered boots for 210 gold pieces
 35846 | Vaults:4 | Reached skill level 15 in Maces & Flails
 35852 | Vaults:4 | Noticed Mandevil's ghost (adept HuFi)
 35866 | Vaults:4 | Killed Mandevil's ghost
 35866 | Vaults:4 | Reached XP level 22. HP: 127/172 MP: 18/40
 36230 | Vaults:5 | Entered Level 5 of the Vaults
 36286 | Vaults:5 | Reached skill level 15 in Spellcasting
 36288 | Vaults:5 | Noticed a golden dragon
 36292 | Vaults:5 | Killed a golden dragon
 36295 | Vaults:5 | Reached skill level 15 in Dodging
 36430 | Vaults:5 | Noticed an ancient lich
 36434 | Vaults:5 | Reached skill level 15 in Stealth
 36441 | Vaults:4 | Killed an ancient lich
 36560 | Vaults:5 | Noticed Xtahua
 36564 | Vaults:5 | Killed Xtahua
 36777 | Vaults:5 | Reached XP level 23. HP: 150/179 MP: 42/42
 36875 | Vaults:5 | Got a vibrating golden ring
 36877 | Vaults:5 | Identified the ring of Astubawk {Fire +Fly MR+ Str+2} (You found it on level 5 of the Vaults)
 36988 | Vaults:5 | Noticed an ancient lich
 36988 | Vaults:5 | Cast into level 5 of the Abyss (an ancient lich)
 36988 | Abyss:5  | Entered Level 5 of the Abyss
 37067 | Abyss:5  | Found a corrupted altar of Lugonu.
 37073 | Vaults:5 | Escaped the Abyss
 37079 | Vaults:5 | Killed an ancient lich
 37088 | Vaults:5 | Noticed a golden dragon
 37106 | Vaults:5 | Killed a golden dragon
 37158 | Vaults:5 | Identified the amulet "Ceamofig" {Reflect +Blink rPois Dex+2 SH+4 Stlth+} (You found it on level 5 of the Vaults)
 37192 | Vaults:5 | Identified the amulet of Oseoj {Spirit Str+3} (You took it off an ironheart preserver on level 5 of the Vaults)
 37242 | Vaults:5 | Learned a level 7 spell: Malign Gateway
 37514 | Vaults:5 | Identified the Volume of Arcane Weapons and Unholy Rites
 37660 | Vaults:5 | Learned a level 8 spell: Infestation
 37819 | Vaults:5 | Reached skill level 16 in Invocations
 37859 | Vaults:5 | Got a silver rune of Zot
 38230 | Crypt:1  | Entered Level 1 of the Crypt
 39030 | Crypt:1  | Reached skill level 15 in Fighting
 39030 | Crypt:1  | Reached skill level 15 in Short Blades
 39030 | Crypt:1  | Reached skill level 15 in Long Blades
 39030 | Crypt:1  | Reached skill level 15 in Axes
 39030 | Crypt:1  | Reached skill level 15 in Polearms
 39030 | Crypt:1  | Reached skill level 15 in Staves
 39030 | Crypt:1  | Reached skill level 15 in Slings
 39030 | Crypt:1  | Reached skill level 15 in Bows
 39030 | Crypt:1  | Reached skill level 15 in Crossbows
 39030 | Crypt:1  | Reached skill level 15 in Throwing
 39030 | Crypt:1  | Reached skill level 15 in Armour
 39030 | Crypt:1  | Reached skill level 15 in Shields
 39030 | Crypt:1  | Reached skill level 15 in Unarmed Combat
 39030 | Crypt:1  | Reached skill level 15 in Evocations
 39246 | Crypt:2  | Got a pair of pitted gloves
 39257 | Crypt:2  | Identified the +1 pair of gloves of Trog's Hatred {rCorr Int+5 Stlth-} (You found it on level 2 of the Crypt)
 40218 | Crypt:3  | Entered Level 3 of the Crypt
 40347 | Crypt:3  | Found an ancient bone altar of Kikubaaqudgha.
 40545 | Crypt:3  | Identified Sif Muna's Almanac of Evil Rites
 40619 | Crypt:3  | Reached XP level 24. HP: 189/189 MP: 42/42
 40892 | Crypt:3  | Noticed Margery
 40896 | Crypt:3  | Killed Margery
 40970 | Crypt:3  | Noticed Khufu
 40972 | Crypt:3  | Noticed a greater mummy
 40976 | Crypt:3  | Noticed a greater mummy
 40980 | Crypt:3  | Killed a greater mummy
 40981 | Crypt:3  | Killed Khufu
 40985 | Crypt:3  | Killed a greater mummy
 40989 | Crypt:3  | Noticed an ancient lich
 40991 | Crypt:3  | Killed an ancient lich
 40996 | Crypt:3  | Found a staircase to the Tomb.
 41045 | Tomb:1   | Entered Level 1 of the Tomb of the Ancients
 41049 | Tomb:1   | Noticed Sojobo
 41056 | Tomb:1   | Killed Sojobo
 41825 | Depths:1 | Found a gateway to Hell.
 41925 | Hell     | Entered the Vestibule of Hell
 41925 | Hell     | Noticed Geryon
 41936 | Hell     | Killed Geryon
 41939 | Hell     | Gained mutation: Your body sometimes deteriorates upon taking damage. [a cacodemon]
 42231 | Depths:2 | Reached skill level 17 in Invocations
 42257 | Depths:2 | Reached XP level 25. HP: 197/197 MP: 25/43
 43061 | Depths:2 | Found Mauginut's Antique Armour Shop.
 43210 | Depths:2 | Found Gagume's Magic Scroll Emporium.
 43213 | Depths:2 | Bought a scroll of teleportation for 45 gold pieces
 43213 | Depths:2 | Bought a scroll of immolation for 52 gold pieces
 43213 | Depths:2 | Bought a scroll of enchant armour for 112 gold pieces
 43213 | Depths:2 | Bought a scroll of enchant weapon for 112 gold pieces
 43213 | Depths:2 | Bought a scroll of acquirement for 780 gold pieces
 43214 | Depths:2 | Identified the +3 hat "Ocwalliz" {MR+ Regen+ Str+2} (You acquired it on level 2 of the Depths)
 43265 | Depths:2 | Found Pewnec's Magic Scroll Boutique.
 43282 | Depths:2 | Found Unwo's Gadget Emporium.
 43291 | Depths:2 | Bought a scroll of blinking for 112 gold pieces
 43291 | Depths:2 | Bought a scroll of teleportation for 45 gold pieces
 43291 | Depths:2 | Bought a scroll of teleportation for 45 gold pieces
 43291 | Depths:2 | Bought a scroll of teleportation for 45 gold pieces
 43291 | Depths:2 | Bought a scroll of blinking for 112 gold pieces
 43331 | Depths:2 | Found Jongika's Magic Scroll Boutique.
 43365 | Depths:2 | Bought a scroll of teleportation for 51 gold pieces
 43365 | Depths:2 | Bought a scroll of teleportation for 51 gold pieces
 43365 | Depths:2 | Bought a scroll of teleportation for 51 gold pieces
 43365 | Depths:2 | Bought a scroll of enchant armour for 127 gold pieces
 43365 | Depths:2 | Bought a scroll of magic mapping for 59 gold pieces
 43365 | Depths:2 | Bought a scroll of holy word for 127 gold pieces
 43403 | Depths:2 | Found Zemosegh's Gadget Emporium.
 43404 | Depths:2 | Found Wideul's Jewellery Boutique.
 43405 | Depths:2 | Found Xounox's Gadget Emporium.
 43410 | Depths:2 | Bought a box of beasts for 400 gold pieces
 43410 | Depths:2 | Bought a sack of spiders for 400 gold pieces
 43496 | Depths:3 | Found a transporter.
 43539 | Depths:3 | Found a one-way gate leading to the halls of Pandemonium.
 43720 | Depths:3 | Found a transporter.
 43795 | Depths:3 | Identified the ring of Dunuh {rC+ rN+ Dex+4 SInv} (You found it on level 3 of the Depths)
 44348 | Depths:4 | Found a one-way gate to the infinite horrors of the Abyss.
 44367 | Depths:4 | Found a gateway to a ziggurat.
 44781 | Depths:4 | Reached XP level 26. HP: 171/206 MP: 43/43
 44866 | Depths:4 | Identified the cursed +0 chain mail of the Eternal Fruit {Dex+3} (You found it on level 4 of the Depths)
 45056 | Depths:5 | Entered Level 5 of the Depths
 45085 | Depths:5 | Reached skill level 15 in Earth Magic
 45562 | Depths:5 | Reached skill level 18 in Invocations
 45719 | Depths:5 | Found a gate to the Realm of Zot.
 45801 | Depths:5 | Reached XP level 27. HP: 213/213 MP: 44/44
 45813 | Depths:5 | Learned a level 8 spell: Necromutation
 45939 | Zig:1    | Entered Level 1 of a ziggurat
 45963 | Zig:2    | Entered Level 2 of a ziggurat
 45982 | Zig:3    | Entered Level 3 of a ziggurat
 46016 | Zig:4    | Entered Level 4 of a ziggurat
 46066 | Zig:5    | Entered Level 5 of a ziggurat
 46075 | Zig:5    | Noticed Igeryta the pandemonium lord
 46093 | Zig:5    | Killed Igeryta the pandemonium lord
 46119 | Zig:6    | Entered Level 6 of a ziggurat
 46132 | Zig:6    | Identified the +2 chain mail of the Butterfly {+Blink rF+} (You found it on level 6 of a ziggurat)
 46143 | Zig:6    | Got a faintly glowing lead amulet
 46144 | Zig:6    | Identified the amulet of Qileir {Acrobat +Blink rElec rC+ Str+4} (You found it on level 6 of a ziggurat)
 46145 | Zig:6    | Identified Sif Muna's Disquisition on the Evil Escort
 46151 | Zig:7    | Entered Level 7 of a ziggurat
 46196 | Zig:7    | Identified the +1 scale mail of Crawling {rN++ Slay-4} (You found it on level 7 of a ziggurat)
 46198 | Zig:7    | Got a pitted chain mail
 46202 | Zig:8    | Entered Level 8 of a ziggurat
 46236 | Zig:8    | Got a smoking zirconium amulet
 46260 | Zig:9    | Entered Level 9 of a ziggurat
 46360 | Zig:10   | Entered Level 10 of a ziggurat
 46381 | Zig:10   | Reached skill level 15 in Transmutations
 46400 | Zig:10   | Identified the amulet "Zezuot" {Inacc rC++ Str-3 Int+4} (You found it on level 8 of a ziggurat)
 46403 | Zig:10   | Identified the cursed +1 chain mail "Heutyog" {Slay+4} (You found it on level 7 of a ziggurat)
 46429 | Zig:11   | Entered Level 11 of a ziggurat
 46470 | Zig:11   | Noticed Fuedax the pandemonium lord
 46475 | Zig:11   | Killed Fuedax the pandemonium lord
 46543 | Zig:11   | Identified the Tome of Changing
 46553 | Zig:11   | Got a faintly glowing bronze amulet
 46635 | Zig:12   | Entered Level 12 of a ziggurat
 46648 | Zig:12   | Noticed a greater mummy
 46648 | Zig:12   | Noticed a greater mummy
 46651 | Zig:12   | Noticed a greater mummy
 46654 | Zig:12   | Killed a greater mummy
 46654 | Zig:12   | Reached skill level 15 in Conjurations
 46654 | Zig:12   | Reached skill level 15 in Hexes
 46654 | Zig:12   | Reached skill level 15 in Charms
 46654 | Zig:12   | Reached skill level 15 in Summonings
 46654 | Zig:12   | Reached skill level 15 in Necromancy
 46654 | Zig:12   | Reached skill level 15 in Translocations
 46654 | Zig:12   | Reached skill level 15 in Fire Magic
 46654 | Zig:12   | Reached skill level 15 in Ice Magic
 46654 | Zig:12   | Reached skill level 15 in Air Magic
 46654 | Zig:12   | Reached skill level 15 in Poison Magic
 46654 | Zig:12   | Killed a greater mummy
 46655 | Zig:12   | Killed a greater mummy
 46687 | Zig:12   | Got a vibrating bone amulet
 46690 | Zig:12   | Identified the amulet "Yvul" {Faith rF+ Str+3 Stlth+} (You found it on level 12 of a ziggurat)
 46696 | Zig:12   | Got a pair of dazzling gloves
 46707 | Zig:12   | Identified the cursed +0 pair of gloves of Boajis {rElec rC+ MR+ MP-9} (You found it on level 12 of a ziggurat)
 46730 | Zig:13   | Entered Level 13 of a ziggurat
 46738 | Zig:13   | Noticed Gaggorei the pandemonium lord
 46740 | Zig:13   | Noticed Butetes the pandemonium lord
 46746 | Zig:13   | Killed Gaggorei the pandemonium lord
 46752 | Zig:13   | Killed Butetes the pandemonium lord
 46758 | Zig:13   | Found the +7 sceptre of Torment
 46815 | Zig:13   | Identified the ring "Ehuapt" {rPois AC+1 Int-5 Dex+2} (You found it on level 13 of a ziggurat)
 46902 | Zig:14   | Entered Level 14 of a ziggurat
 46929 | Zig:14   | Found the +3 sling "Punk" {acid, rCorr}
 46964 | Zig:14   | Got a pitted lead amulet
 46967 | Zig:14   | Got a steaming garnet amulet
 46972 | Zig:15   | Entered Level 15 of a ziggurat
 46984 | Zig:15   | Noticed a juggernaut
 46985 | Zig:15   | Noticed a juggernaut
 46986 | Zig:15   | Noticed a juggernaut
 46992 | Zig:15   | Killed a juggernaut
 46992 | Zig:15   | Reached skill level 19 in Invocations
 46992 | Zig:15   | Killed a juggernaut
 46992 | Zig:15   | Killed a juggernaut
 47008 | Zig:15   | Found the cursed necklace of Bloodlust {*Rage +Rage MR++ Int-3 Slay+6 *Curse}
 47022 | Zig:15   | Got a brightly glowing large shield
 47033 | Zig:15   | Identified the +1 large shield of the Moon Troll {MR+ SInv} (You acquired it on level 15 of a ziggurat)
 47069 | Zig:16   | Entered Level 16 of a ziggurat
 47111 | Zig:16   | Found the ring of the Mage {Wiz MR++ Int+3}
 47111 | Zig:16   | Found the +9 staff of Olgreb {rPois}
 47119 | Zig:16   | Identified the amulet of Ullalus {Inacc rC+ MP+9 Str-2 Dex+3} (You found it on level 11 of a ziggurat)
 47152 | Zig:17   | Entered Level 17 of a ziggurat
 47255 | Zig:17   | Identified the amulet "Earthly Heaven" {Gourm +Blink rElec Int+4} (You found it on level 14 of a ziggurat)
 47261 | Zig:17   | Got a slimy copper ring
 47263 | Zig:17   | Identified the ring "Plog" {+Inv +Fly rN+ Dex+2} (You found it on level 17 of a ziggurat)
 47278 | Zig:17   | Got a polished ring mail
 47289 | Zig:18   | Entered Level 18 of a ziggurat
 47332 | Zig:18   | Found the +2 cloak of the Thief {+Fog Slay-2 SInv Stlth+}
 47353 | Zig:18   | Identified the amulet "Hilej" {MR++ Regen+ Dex+2} (You found it on level 14 of a ziggurat)
 47356 | Zig:18   | Identified the Reference Book on Curses and Arcane Weapons
 47433 | Zig:18   | Got a steaming jade amulet
 47436 | Zig:19   | Entered Level 19 of a ziggurat
 47522 | Zig:19   | Found the +2 robe of Vines {NoPotionHeal Regen+7}
 47542 | Zig:19   | Identified Necupyol's Reference Book on Good Luck
 47556 | Zig:19   | Identified the amulet of Tukoham {Acrobat rPois rF++} (You found it on level 18 of a ziggurat)
 47583 | Zig:19   | Identified the Volume of Shape Shifting and the Compass
 47597 | Zig:19   | Got a shimmering crystal plate armour
 47627 | Zig:20   | Entered Level 20 of a ziggurat
 47669 | Zig:20   | Learned a level 1 spell: Apportation
 47835 | Hell     | Noticed Murray
 47841 | Hell     | Killed Murray
 47879 | Hell     | Found a gateway to the Iron City of Dis.
 47884 | Dis:1    | Entered Level 1 of the Iron City of Dis
 48397 | Dis:1    | Reached skill level 20 in Invocations
 48936 | Dis:7    | Entered Level 7 of the Iron City of Dis
 49045 | Dis:7    | HP: 5/219 [hellion/damnation (26)]
 49675 | Dis:7    | Identified the Tome of Freezing Transmutation
 49813 | Dis:7    | Found the +0 sword of Power
 49958 | Dis:7    | Noticed Dispater
 49966 | Dis:7    | Reached skill level 21 in Invocations
 49971 | Dis:7    | Killed Dispater
 50012 | Dis:7    | Got an iron rune of Zot
 50027 | Dis:7    | Identified a +0 pair of boots of running (You found it on level 7 of the Iron City of Dis)
 50574 | Slime:1  | Entered Level 1 of the Pits of Slime
 50596 | Slime:3  | Found a viscous altar of Jiyva.
 50608 | Slime:5  | Entered Level 5 of the Pits of Slime
 50878 | Slime:5  | Noticed the Royal Jelly
 50881 | Slime:5  | Killed the Royal Jelly
 50917 | Slime:5  | Got a pair of shimmering boots
 50928 | Slime:5  | Identified the +1 pair of boots of Ymuciym {rC+ Str+3 Dex-2} (You found it on level 5 of the Pits of Slime)
 50954 | Slime:5  | Got a slimy rune of Zot
 50956 | Slime:5  | Got a faintly glowing rapier
 50991 | Slime:5  | Got a bound emerald amulet
 51006 | Slime:5  | Identified the +1 crystal plate armour of Light {rN+ Regen+ Str+4 Int-3} (You found it on level 19 of a ziggurat)
 51038 | Slime:5  | Identified the +5 rapier "Imaxkot" {drain, Str+3 Dex+8 Stlth-} (You found it on level 5 of the Pits of Slime)
 51474 | Hell     | Found a gateway to the freezing wastes of Cocytus.
 51500 | Hell     | Identified the amulet "Jiocuqeu" {Harm *Drain Dex+2} (You found it on level 5 of the Pits of Slime)
 51535 | Coc:1    | Entered Level 1 of Cocytus
 51956 | Coc:6    | Found a huge runed gate.
 51956 | Coc:6    | Found a huge runed gate.
 51956 | Coc:6    | Found a huge runed gate.
 51956 | Coc:6    | Found a huge runed gate.
 51956 | Coc:6    | Found a huge runed gate.
 51957 | Coc:6    | Found a huge runed gate.
 51958 | Coc:6    | Found a huge runed gate.
 52198 | Coc:7    | Entered Level 7 of Cocytus
 52244 | Coc:7    | Reached skill level 22 in Invocations
 52245 | Coc:7    | Noticed the Serpent of Hell
 52538 | Coc:7    | Noticed Antaeus
 52611 | Coc:7    | Killed the Serpent of Hell
 52844 | Coc:7    | Killed Antaeus
 52872 | Coc:7    | Got an icy rune of Zot
 53014 | Hell     | Learned a level 8 spell: Lehudib's Crystal Spear
 53032 | Hell     | Found a gateway to the decaying netherworld of Tartarus.
 53051 | Tar:1    | Entered Level 1 of Tartarus
 53292 | Tar:2    | You fall through a shaft for 2 floors!
 53427 | Tar:7    | Entered Level 7 of Tartarus
 53651 | Tar:7    | Reached skill level 23 in Invocations
 53700 | Tar:7    | Got a scorched rapier
 53701 | Tar:7    | Identified the +8 rapier "Evvihine" {pierce, rC+ rN+ Dex+5} (You found it on level 7 of Tartarus)
 53862 | Tar:7    | Noticed Ereshkigal
 53877 | Tar:7    | Killed Ereshkigal
 53899 | Tar:7    | Found the +3 hat of Pondering {ponderous, MR+ MP+10 Int+5}
 53911 | Tar:7    | Got a bone rune of Zot
 54083 | Tar:7    | Got a vibrating jade ring
 54085 | Tar:7    | Identified the ring "Fanudose" {rPois rF+ rN+ Int-5 Slay+2} (You found it on level 7 of Tartarus)
 54196 | Hell     | Learned a level 8 spell: Controlled Blink
 54209 | Hell     | Found a gateway to the ashen valley of Gehenna.
 54231 | Geh:1    | Entered Level 1 of Gehenna
 55070 | Geh:7    | Entered Level 7 of Gehenna
 55234 | Geh:7    | Got a clouded wooden ring
 55237 | Geh:7    | Identified the ring "Ceore" {rF+ Str-4 Dex+3 Slay+5} (You found it on level 7 of Gehenna)
 55294 | Geh:7    | Got a glittering ruby amulet
 55342 | Geh:7    | Reached skill level 24 in Invocations
 55432 | Geh:7    | Noticed Asmodeus
 55442 | Geh:7    | Killed Asmodeus
 55455 | Geh:7    | Got an obsidian rune of Zot
 55508 | Geh:7    | Got a translucent lapis lazuli ring
 55596 | Geh:7    | Identified a ring of the Queen {rElec rPois MR+ Str-3 Int+10} (You took it off a crimson imp on level 7 of Gehenna)
 55634 | Hell     | Upgraded the game from 0.22-a0-284-g99d1f7439c to 0.22-a0-292-g0df9d5f48d
 55728 | Pan      | Entered Pandemonium
 55766 | Pan      | Noticed Banto's ghost (legendary DsGl)
 55773 | Pan      | Killed Banto's ghost
 56069 | Pan      | Noticed Nikarauf the pandemonium lord
 56073 | Pan      | Killed Nikarauf the pandemonium lord
 56193 | Pan      | Found an exit through the horrors of the Abyss.
 56274 | Pan      | Found a transporter.
 56344 | Pan      | Found a transporter.
 56370 | Pan      | Got an ancient steel amulet
 56383 | Pan      | Got a pitted copper ring
 56385 | Pan      | Identified the ring of Muentusoa {Ice MR+} (You found it in Pandemonium)
 56421 | Pan      | Got a glittering lead ring
 56422 | Pan      | Identified the ring of Music {rN+ AC+2} (You found it in Pandemonium)
 56461 | Pan      | Found an exit through the horrors of the Abyss.
 56769 | Pan      | Entered the realm of Mnoleg.
 56778 | Pan      | Paralysed by a floating eye for 4 turns
 56785 | Pan      | Paralysed by a floating eye for 3 turns
 56791 | Pan      | Paralysed by a floating eye for 3 turns
 56799 | Pan      | Paralysed by a floating eye for 2 turns
 56946 | Pan      | Gained mutation: Armour fits poorly on your strangely shaped body. [a shining eye]
 56949 | Pan      | Noticed Mnoleg
 56959 | Pan      | Killed Mnoleg
 57015 | Pan      | Got a glowing rune of Zot
 57048 | Pan      | Lost mutation: You expend magic power (3 MP) to strengthen your wands. [potion of mutation]
 57048 | Pan      | Lost mutation: Your body sometimes deteriorates upon taking damage. [potion of mutation]
 57048 | Pan      | Gained mutation: You are partially covered in iridescent scales. (AC +2) [potion of mutation]
 57048 | Pan      | Gained mutation: Scrolls take you a little longer to read. [potion of mutation]
 57048 | Pan      | Gained mutation: You are agile. (Dex +2) [potion of mutation]
 57049 | Pan      | Lost mutation: You are partially covered in iridescent scales. (AC +2) [potion of mutation]
 57049 | Pan      | Lost mutation: You are agile. (Dex +2) [potion of mutation]
 57049 | Pan      | Lost mutation: Your muscles are strong. (Str +2) [potion of mutation]
 57049 | Pan      | Gained mutation: You are agile. (Dex +2) [potion of mutation]
 57049 | Pan      | Gained mutation: Scrolls take you longer to read. [potion of mutation]
 57049 | Pan      | Gained mutation: You are resistant to hostile enchantments. (MR+) [potion of mutation]
 57050 | Pan      | Lost mutation: Armour fits poorly on your strangely shaped body. [potion of mutation]
 57050 | Pan      | Lost mutation: Scrolls take you longer to read. [potion of mutation]
 57050 | Pan      | Lost mutation: Your spells are a little harder to cast, but a little more powerful. [potion of mutation]
 57050 | Pan      | Gained mutation: Your mind is acute. (Int +2) [potion of mutation]
 57050 | Pan      | Gained mutation: Armour fits poorly on your strangely shaped body. [potion of mutation]
 57050 | Pan      | Lost mutation: You are resistant to hostile enchantments. (MR+) [potion of mutation]
 57050 | Pan      | Gained mutation: You are partially covered in slimy green scales. (AC +2) [potion of mutation]
 57051 | Pan      | Lost mutation: Scrolls take you a little longer to read. [potion of mutation]
 57051 | Pan      | Lost mutation: You are agile. (Dex +2) [potion of mutation]
 57051 | Pan      | Gained mutation: Your mind is very acute. (Int +4) [potion of mutation]
 57051 | Pan      | Gained mutation: Your magical capacity is low. (-10% MP) [potion of mutation]
 57051 | Pan      | Gained mutation: You are partially covered in rugged brown scales. (AC +1, +3% HP) [potion of mutation]
 57051 | Pan      | Gained mutation: You have large cloven feet. [potion of mutation]
 57052 | Pan      | Lost mutation: Your mind is very acute. (Int +4) [potion of mutation]
 57052 | Pan      | Lost mutation: Your mind is acute. (Int +2) [potion of mutation]
 57052 | Pan      | Lost mutation: Armour fits poorly on your strangely shaped body. [potion of mutation]
 57052 | Pan      | Gained mutation: You are partially covered in icy blue scales. (AC +2) [potion of mutation]
 57052 | Pan      | Gained mutation: You are frail. (-10% HP) [potion of mutation]
 57052 | Pan      | Gained mutation: Your magical capacity is very low. (-20% MP) [potion of mutation]
 57052 | Pan      | Gained mutation: Your muscles are strong. (Str +2) [potion of mutation]
 57053 | Pan      | Lost mutation: Your muscles are strong. (Str +2) [potion of mutation]
 57053 | Pan      | Lost mutation: You are partially covered in rugged brown scales. (AC +1, +3% HP) [potion of mutation]
 57053 | Pan      | Lost mutation: You are frail. (-10% HP) [potion of mutation]
 57053 | Pan      | Gained mutation: You have a pair of small horns on your head. [potion of mutation]
 57053 | Pan      | Gained mutation: Your natural rate of healing is unusually fast. [potion of mutation]
 57053 | Pan      | Gained mutation: You are agile. (Dex +2) [potion of mutation]
 57054 | Pan      | Lost mutation: Your magical capacity is very low. (-20% MP) [potion of mutation]
 57054 | Pan      | Lost mutation: You are agile. (Dex +2) [potion of mutation]
 57054 | Pan      | Lost mutation: You have large cloven feet. [potion of mutation]
 57054 | Pan      | Lost mutation: Your magical capacity is low. (-10% MP) [potion of mutation]
 57054 | Pan      | Gained mutation: You possess an exceptional clarity of mind. [potion of mutation]
 57102 | Pan      | Entered the realm of Gloorx Vloq.
 57384 | Pan      | Noticed Gloorx Vloq
 57394 | Pan      | Killed Gloorx Vloq
 57415 | Pan      | Got a dark rune of Zot
 57514 | Pan      | Found an exit through the horrors of the Abyss.
 57584 | Pan      | Found a huge runed gate.
 57585 | Pan      | Found a huge runed gate.
 57585 | Pan      | Found a huge runed gate.
 57585 | Pan      | Found a huge runed gate.
 57589 | Pan      | Found a huge runed gate.
 57589 | Pan      | Found a huge runed gate.
 57590 | Pan      | Found a huge runed gate.
 57590 | Pan      | Found a huge runed gate.
 57590 | Pan      | Found a huge runed gate.
 57590 | Pan      | Found a huge runed gate.
 57590 | Pan      | Found a huge runed gate.
 57590 | Pan      | Found a huge runed gate.
 57591 | Pan      | Found a huge runed gate.
 57591 | Pan      | Found a huge runed gate.
 57591 | Pan      | Found a huge runed gate.
 57591 | Pan      | Found a huge runed gate.
 57591 | Pan      | Found a huge runed gate.
 57592 | Pan      | Found a huge runed gate.
 57594 | Pan      | Noticed Tiplibix the pandemonium lord
 57600 | Pan      | Killed Tiplibix the pandemonium lord
 57600 | Pan      | Reached skill level 25 in Invocations
 57926 | Pan      | Noticed Nyeleqin the pandemonium lord
 57933 | Pan      | Killed Nyeleqin the pandemonium lord
 58145 | Pan      | Found a glowing silver altar of Zin.
 58380 | Pan      | Found a glowing golden altar of the Shining One.
 58389 | Pan      | Noticed a seraph
 58397 | Pan      | Killed a seraph
 58400 | Pan      | Got a tiger eye-encrusted plate armour
 58423 | Pan      | Got a demonic rune of Zot
 58712 | Pan      | Entered the realm of Lom Lobon.
 58970 | Pan      | Noticed Lom Lobon
 59048 | Pan      | Got a magical rune of Zot
 59104 | Pan      | Killed Lom Lobon
 59218 | Pan      | Entered the realm of Cerebov.
 59290 | Pan      | Noticed Cerebov
 59322 | Pan      | HP: 2/296 [Cerebov/great blast of fire (33)]
 59323 | Pan      | Killed Cerebov
 59408 | Pan      | Got a fiery rune of Zot
 59466 | Pan      | Found an exit through the horrors of the Abyss.
 59530 | Depths:3 | Escaped Pandemonium
 59646 | Hell     | Learned a level 9 spell: Shatter
 60186 | Tomb:1   | Noticed a greater mummy
 60193 | Tomb:1   | Killed a greater mummy
 60306 | Tomb:1   | Noticed a greater mummy
 60316 | Tomb:1   | Killed a greater mummy
 60399 | Tomb:2   | Noticed an ancient lich
 60400 | Tomb:2   | Noticed a greater mummy
 60400 | Tomb:2   | Noticed a greater mummy
 60400 | Tomb:2   | Noticed a greater mummy
 60401 | Tomb:2   | Noticed a greater mummy
 60401 | Tomb:2   | Killed an ancient lich
 60500 | Tomb:3   | Entered Level 3 of the Tomb of the Ancients
 60510 | Tomb:3   | Noticed an ancient lich
 60510 | Tomb:3   | Noticed a greater mummy
 60510 | Tomb:3   | Reached skill level 26 in Invocations
 60511 | Tomb:3   | Killed an ancient lich
 60512 | Tomb:3   | Noticed a greater mummy
 60513 | Tomb:3   | Noticed a greater mummy
 60520 | Tomb:3   | Killed a greater mummy
 60711 | Tomb:3   | Killed a greater mummy
 60728 | Tomb:3   | Killed a greater mummy
 60740 | Tomb:3   | Got a twitching jade ring
 60742 | Tomb:3   | Identified the ring "Nuilora" {Fire MR+ Slay+3} (You found it on level 3 of the Tomb of the Ancients)
 60748 | Tomb:3   | Identified the +4 plate armour "Ufyol" {rElec Str-5 Dex+3} (You took it off a seraph in Pandemonium)
 60751 | Tomb:3   | Identified the amulet "Fimuf" {Acrobat rPois} (You found it on level 7 of Gehenna)
 60754 | Tomb:3   | Identified the Collected Works on Helpful Conjuration
 60772 | Tomb:3   | Noticed an ancient lich
 60777 | Tomb:3   | Noticed a greater mummy
 60780 | Tomb:3   | Killed an ancient lich
 60786 | Tomb:3   | Noticed a greater mummy
 60788 | Tomb:3   | Killed a greater mummy
 60797 | Tomb:3   | Killed a greater mummy
 60805 | Tomb:3   | Noticed a greater mummy
 60816 | Tomb:3   | Killed a greater mummy
 60858 | Tomb:3   | Got a golden rune of Zot
 60884 | Tomb:3   | Got an ancient brass ring
 60886 | Tomb:3   | Identified the cursed ring "Mazil Hies" {rElec rF- EV-2 Int+3 Stlth+} (You found it on level 3 of the Tomb of the Ancients)
 60949 | Tomb:2   | Killed a greater mummy
 60967 | Tomb:2   | Killed a greater mummy
 60973 | Tomb:2   | Killed a greater mummy
 60999 | Tomb:2   | Killed a greater mummy
 61090 | Tomb:1   | Noticed a greater mummy
 61097 | Tomb:1   | Killed a greater mummy
 61536 | Zot:1    | Entered Level 1 of the Realm of Zot
 61825 | Zot:5    | Entered Level 5 of the Realm of Zot
 61900 | Zot:5    | Noticed an orb of fire
 61904 | Zot:5    | Noticed an orb of fire
 61910 | Zot:5    | Killed an orb of fire
 61911 | Zot:5    | Killed an orb of fire
 62038 | Zot:5    | Noticed an ancient lich
 62045 | Zot:5    | Killed an ancient lich
 62058 | Zot:5    | Noticed an orb of fire
 62065 | Zot:5    | Killed an orb of fire
 62077 | Zot:5    | Reached skill level 27 in Invocations
 62079 | Zot:5    | Noticed an orb of fire
 62081 | Zot:5    | Noticed an orb of fire
 62082 | Zot:5    | Killed an orb of fire
 62084 | Zot:5    | Noticed an orb of fire
 62087 | Zot:5    | Killed an orb of fire
 62092 | Zot:5    | Killed an orb of fire
 62095 | Zot:5    | Noticed an ancient lich
 62101 | Zot:5    | Killed an ancient lich
 62105 | Zot:5    | Identified the Guide on Flames and the Compass
 62189 | Zot:5    | Noticed an ancient lich
 62198 | Zot:5    | Killed an ancient lich
 62265 | Zot:5    | Noticed an ancient lich
 62267 | Zot:5    | Noticed an orb of fire
 62271 | Zot:5    | Killed an orb of fire
 62278 | Zot:5    | Killed an ancient lich
 62416 | Zot:5    | Noticed an ancient lich
 62420 | Zot:5    | Got the Orb of Zot
 62422 | Zot:5    | Killed an ancient lich
 62924 | D:$      | Escaped with the Orb!

Vault maps used:
D:1:      nzn_arrival_crosshair
D:2:      hangedman_ru_absence, chequers_ecumenical_altar_lobes, uniq_robin
D:3:      minmay_box_of_dots
D:4:      kennysheep_spiral_hall, okawaru_trees_2, first_ration, uniq_grinder
D:5:      slow_altar_2, nicolae_ossuary_entry_plus
D:6:      minmay_temple_entry_glassed_door, serial_shops, shop_fountains
D:7:      kennysheep_mini_moat, nicolae_overflow_crystal_walls
D:8:      lemuel_coloured_pillars_altar, uniq_pikel
D:9:      grunt_temple_overflow_open, lemuel_crystal_altar,
          erik_lair_orcish_takeover, roderic_batcave
D:10:     kennysheep_generic_room_8, uniq_urug
D:11:     david_orc_1_choice, grunt_ogre_cave
D:12:     uniq_maurice
D:13:     david_vaults_4, lab_entry_generic, uniq_kirke
D:14:     minmay_staircase_statues, nemelex_xobeh_ov_fountains_minmay,
          uniq_josephine
D:15:     hangedman_depths_entry_civil_slaughter, grunt_decor_cap,
          lemuel_mausoleum_altar_yredelemnul, uniq_azrael, uniq_agnes
Temple:   compressed_dpeg_circular_temple
Lair:1:   grunt_megastairs_4
Lair:2:   minmay_swamp_entry_worms, grunt_megastairs_2
Lair:3:   nicolae_volcano_entry_two_sided, patterned_corridor
Lair:4:   spider_nest_entry_rubble
Lair:5:   slime_dummy, nicolae_quartered_pool_little, minivault_23
Lair:6:   guppyfry_lair_end_dragon, wormcave, grunt_forest_large_clearings
Swamp:1:  nicolae_swamp_dense_foliage, uniq_nikola
Swamp:2:  infiniplex_staircase_pool_2
Swamp:3:  evilmike_swamp_ruin_house_1, uniq_roxanne
Swamp:4:  grunt_swamp_rune_castle, swamp_pool2
Spider:3: minivault_29, uniq_arachne, uniq_mara
Spider:4: spider_rune_water
Slime:3:  nicolae_slime_jelly_donut, basic_altar
Orc:1:    basic_altar
Orc:2:    kennysheep_orc_mage_school
Elf:1:    eino_elf_arrival_sip, hangedman_elf_disciples,
          minmay_misc_feat_pillars, grunt_megastairs_3
Elf:3:    minmay_elf_hall_x, special_room, serial_shops, shop,
          minmay_elf_necromancy
Vaults:1: nicolae_vaults_border_crossing, st_diamondy, v_misc_28, v_misc_15,
          v_misc_9, vaults_room_grid, vaults_room_grunt_arrival_ludios,
          grunt_vaults_funnel, v_misc_19, uniq_jorgrun
Vaults:2: v_misc_13, v_pattern_4, hangedman_vaults_trim, vaults_room_semicircle,
          hangedman_vaults_restitches, hangedman_vaults_capsules,
          ontoclasm_vaults_chip, nicolae_vaults_mini_display_case,
          ontoclasm_vaults_shuriken, nicolae_vaults_halls_meeting,
          ontoclasm_vaults_ring_large, grunt_vaults_focal
Vaults:3: vaults_room_ringed_pool, minmay_crypt_entry_nasty_monster,
          vaults_room_pools, v_misc_9, vaults_room_boxed,
          hangedman_vaults_river_flow, hangedman_vaults_restitches,
          hangedman_vaults_impose, nicolae_vaults_circle_grid_a,
          hangedman_vaults_corner_blocks, serial_ice_g, vaults_room_large_hall,
          vaults_room_fours, nicolae_vaults_asterisk,
          nicolae_vaults_ring_of_whatevers, nicolae_vaults_alarming,
          serial_shops, shop_statue
Vaults:4: ontoclasm_vaults_tryst, hangedman_vaults_stretched_pinwheel,
          nicolae_vaults_network_barrier, vaults_mumra_lcd, v_misc_3, v_misc_19,
          nicolae_vaults_little_squares_2, v_misc_27, v_pattern_2, v_misc_27,
          vaults_room_door_ring, serial_shops, nicolae_shop_behind_doors
Vaults:5: serial_shops, uniq_xtahua
Crypt:2:  serial_sigils_hangedman_etch, nicolae_crypt_niches
Crypt:3:  grunt_crypt_end_deaths_head, uniq_khufu, uniq_margery
Tomb:1:   uniq_sojobo
Depths:1: roderic_filled_cross, hell_entry, minmay_misc_feat_secret_circle,
          kennysheep_generic_room_11
Depths:2: nooodl_heptagram, minmay_crystal_water, serial_shops,
          nicolae_shop_behind_doors, nicolae_shop_competitors_out_of_business,
          nicolae_shop_behind_doors, shop_coins, nicolae_shop_waterfront,
          hangedman_tar_grid_catacomb, minmay_shop_grove
Depths:3: gammafunk_the_bubble, minmay_misc_feat_ornament,
          hangedman_coc_ice_floe, pan_entry
Depths:4: kennysheep_bubble_arena, enter_ziggurat_f, pan_entry,
          wad_floor_pattern_untrapped, lightli_too_deep, abyss_entry,
          infiniplex_staircase_zigzag_2
Depths:5: hangedman_pleasuredromes, hell_entry
Dis:1:    hangedman_dis_chains, grunt_dis_stairs_iron_hall
Dis:3:    hangedman_dis_decor_blocks_talon
Dis:4:    nrook_loot_triangle
Dis:5:    hangedman_dis_monolith
Dis:7:    iron_city_of_dis
Geh:1:    grunt_bruiser_brothers
Geh:2:    grunt_megastairs_5
Geh:7:    geh_grunt
Coc:6:    door_vault
Coc:7:    coc_dpeg
Tar:6:    hangedman_damned_closets
Tar:7:    tar_minmay_river
Zot:1:    nicolae_zot_draconian_monastery
Zot:2:    cheibrodos_zot_enchanting_chambers
Zot:3:    gammafunk_mikee_crab_dinner, basic_loot_grate_trap
Zot:4:    kennysheep_blocky_room
Abyss:3:  evilmike_abyss_exit_17, due_evilmike_abyss_rune_seething_liches
Abyss:5:  guppyfry_abyss_exit_spiral_guarded
Pan:      evilmike_mini_pan_possible_glass, nicolae_pan_lom_lobonic_3,
          rand_demon_4, nicolae_pan_mnolegish_4, gammafunk_dig_for_victory,
          evilmike_mini_pan_pillars, evilmike_mnoleg_eyes, pan_blood_fountain,
          gloorx_vloq, pan_blood_fountain, evilmike_mini_pan_murderfest,
          pan_blood_fountain, nicolae_pan_sigil_itan, evilmike_mini_pan_doors_b,
          evilmike_mini_pan_V, evilmike_holy_pan, lom_lobon_grunt_wind_tunnels,
          reaverb_pan_squares, cerebov, grunt_pan_spiral
Zig:11:   ziggurat_pillar_centre_oklobs
Zig:16:   ziggurat_pillar_centre_c
Zig:17:   ziggurat_pillar_centre_smoke
Lab:      nicolae_lab_dead_adventurers
Ossuary:  ossuary_tomb_2

Skill      XL: |  1  2  3  4  5  6  7  8  9 10 11 12 13 14 15 16 17 18 19 20 21 22 23 24 25 26 27 |
---------------+----------------------------------------------------------------------------------+-----
Transmutations | 2 3 4 5 6 7 8 9 10 11 12 13 14 19 | 19.6
Spellcasting   | 5 6 7 8 9 10 11 12 13 14 15 16 17 22 | 22.7
Fighting       | 1 2 3 4 5 6 7 8 9 10 11 12 13 14 15 16 22 | 22.4
Short Blades   | 1 2 3 4 5 6 7 8 9 10 11 12 13 14 15 16 22 | 22.4
Long Blades    | 1 2 3 4 5 6 7 8 9 10 11 12 13 14 15 16 22 | 22.4
Axes           | 1 2 3 4 5 6 7 8 9 10 11 12 13 14 15 16 22 | 22.4
Maces & Flails | 1 2 3 4 5 6 7 8 9 10 11 12 13 15 16 17 18 19 25 | 25.0
Polearms       | 1 2 3 4 5 6 7 8 9 10 11 12 13 14 15 16 22 | 22.4
Staves         | 1 2 3 4 5 6 7 8 9 10 11 12 13 14 15 16 22 | 22.4
Slings         | 1 2 3 4 5 6 7 8 9 10 11 12 13 14 15 16 22 | 22.4
Bows           | 1 2 3 4 5 6 7 8 9 10 11 12 13 14 15 16 22 | 22.4
Crossbows      | 1 2 3 4 5 6 7 8 9 10 11 12 13 14 15 16 22 | 22.4
Throwing       | 1 2 3 4 5 6 7 8 9 10 11 12 13 14 15 16 22 | 22.4
Armour         | 1 2 3 4 5 6 7 8 9 10 11 12 13 14 15 16 17 26 | 26.4
Shields        | 1 2 3 4 5 6 7 8 9 10 11 12 13 14 15 16 22 | 22.4
Unarmed Combat | 1 2 3 4 5 6 7 8 9 10 11 12 13 14 15 16 22 | 22.4
Conjurations   | 1 2 3 4 5 6 7 8 9 10 11 12 13 14 19 | 19.5
Hexes          | 1 2 3 4 5 6 7 8 9 10 11 12 13 14 19 | 19.5
Charms         | 1 2 3 4 5 6 7 8 9 10 11 12 13 14 19 | 19.5
Summonings     | 1 2 3 4 5 6 7 8 9 10 11 12 13 14 19 | 19.5
Necromancy     | 1 2 3 4 5 6 7 8 9 10 11 12 13 14 19 | 19.5
Translocations | 1 2 3 4 5 6 7 8 9 10 11 12 13 14 19 | 19.5
Fire Magic     | 1 2 3 4 5 6 7 8 9 10 11 12 13 14 19 | 19.5
Ice Magic      | 1 2 3 4 5 6 7 8 9 10 11 12 13 14 19 | 19.5
Air Magic      | 1 2 3 4 5 6 7 8 9 10 11 12 13 14 19 | 19.5
Poison Magic   | 1 2 3 4 5 6 7 8 9 10 11 12 13 14 19 | 19.5
Invocations    | 1 2 3 4 5 6 7 8 9 10 11 12 13 14 15 16 17 18 27 | 27.0
Evocations     | 1 2 3 4 5 6 7 8 9 10 11 12 13 14 15 16 22 | 22.4
Dodging        | 5 6 7 8 9 10 11 12 13 14 15 16 17 22 | 22.7
Stealth        | 5 6 7 8 9 10 11 12 13 14 15 16 17 22 | 22.6
Earth Magic    | 6 7 8 9 10 11 12 13 14 15 20 | 20.0

Action                   |  1- 3 |  4- 6 |  7- 9 | 10-12 | 13-15 | 16-18 | 19-21 | 22-24 | 25-27 || total
-------------------------+-------+-------+-------+-------+-------+-------+-------+-------+-------++-------
Melee: Unarmed           |     2 |       |       |       |       |       |       |       |       ||     2
       Dagger            |     6 |   142 |    73 |    43 |    12 |       |       |       |       ||   276
       Bite              |     1 |    15 |    39 |    38 |    60 |    41 |    89 |    95 |   686 ||  1064
       Trident           |       |    22 |   242 |       |       |       |       |       |       ||   264
       Punch             |       |       |     7 |     4 |    10 |       |       |       |       ||    21
       Battleaxe         |       |       |    13 |       |       |       |       |       |       ||    13
       Spear             |       |       |       |   124 |       |       |       |       |       ||   124
       Long sword        |       |       |       |     4 |       |       |       |       |       ||     4
       Scimitar          |       |       |       |    43 |   167 |   155 |    46 |       |       ||   411
       Staff             |       |       |       |       |    24 |    46 |    10 |     4 |   163 ||   247
       Eveningstar       |       |       |       |       |       |       |   411 |   387 |  2612 ||  3410
       Headbutt          |       |       |       |       |       |       |       |       |   234 ||   234
       Great sword       |       |       |       |       |       |       |       |       |     6 ||     6
Throw: Stone             |       |       |     5 |     1 |     5 |       |       |       |       ||    11
       Tomahawk          |       |       |     1 |    19 |    33 |       |       |       |       ||    53
       Javelin           |       |       |       |       |     1 |    19 |    21 |     5 |    20 ||    66
       Throwing net      |       |       |       |       |     1 |       |       |       |       ||     1
 Cast: Sandblast         |    27 |    58 |    94 |    81 |    26 |       |       |       |       ||   286
       Stone Arrow       |       |       |    17 |    36 |    20 |       |       |       |       ||    73
       Petrify           |       |       |     5 |    20 |    17 |       |       |       |       ||    42
       Lee's Rapid Decon |       |       |     1 |    51 |    94 |    27 |    38 |       |       ||   211
       Iron Shot         |       |       |       |       |    86 |   174 |    69 |    16 |       ||   345
       Orb of Destructio |       |       |       |       |     7 |    27 |    17 |    28 |    50 ||   129
       Dispersal         |       |       |       |       |     2 |       |       |       |       ||     2
       Spellforged Servi |       |       |       |       |    27 |    61 |    51 |    27 |   241 ||   407
       Statue Form       |       |       |       |       |       |    22 |    17 |     9 |    17 ||    65
       Summon Forest     |       |       |       |       |       |       |    20 |     4 |       ||    24
       Ignition          |       |       |       |       |       |       |    17 |    25 |    66 ||   108
       Regeneration      |       |       |       |       |       |       |     9 |    13 |    47 ||    69
       Malign Gateway    |       |       |       |       |       |       |       |    17 |   169 ||   186
       Infestation       |       |       |       |       |       |       |       |    19 |   155 ||   174
       Aura of Abjuratio |       |       |       |       |       |       |       |     7 |    43 ||    50
       Necromutation     |       |       |       |       |       |       |       |       |   200 ||   200
       Lehudib's Crystal |       |       |       |       |       |       |       |       |    40 ||    40
       Shatter           |       |       |       |       |       |       |       |       |    17 ||    17
       Controlled Blink  |       |       |       |       |       |       |       |       |     4 ||     4
       Apportation       |       |       |       |       |       |       |       |       |     1 ||     1
Invok: Slouch            |       |       |       |       |    10 |     9 |     2 |     4 |    26 ||    51
       Temporal Distorti |       |       |       |       |       |       |       |       |     2 ||     2
 Abil: End Transformatio |       |       |       |       |       |       |       |       |    22 ||    22
       Evoke Flight      |       |       |       |       |       |       |       |       |     9 ||     9
       Stop Flying       |       |       |       |       |       |       |       |       |     1 ||     1
       Evoke Fog         |       |       |       |       |       |       |       |       |     1 ||     1
Evoke: Wand              |       |       |     9 |    26 |     1 |     6 |     3 |       |    80 ||   125
       Phial of floods   |       |       |       |       |     1 |     4 |     1 |     1 |    15 ||    22
       Box of beasts     |       |       |       |       |       |     2 |       |     1 |    15 ||    18
       Fan of gales      |       |       |       |       |       |       |     1 |       |       ||     1
       Lightning rod     |       |       |       |       |       |       |       |       |     3 ||     3
       Sack of spiders   |       |       |       |       |       |       |       |       |    20 ||    20
       Horn of Geryon    |       |       |       |       |       |       |       |       |    17 ||    17
       Phantom mirror    |       |       |       |       |       |       |       |       |    10 ||    10
       Lamp of fire      |       |       |       |       |       |       |       |       |     4 ||     4
       Staff of Dispater |       |       |       |       |       |       |       |       |     1 ||     1
  Use: Scroll            |       |     9 |     6 |    11 |    17 |     6 |    26 |     8 |    73 ||   156
       Potion            |       |     1 |       |     1 |     2 |    13 |     4 |     2 |    29 ||    52
 Stab: Sleeping          |       |     4 |     2 |     7 |    10 |       |    16 |     5 |    19 ||    63
       Distracted        |       |       |     1 |       |     2 |     9 |    14 |    16 |   123 ||   165
       Betrayed ally     |       |       |     1 |       |       |       |       |       |       ||     1
       Petrifying        |       |       |       |     2 |     1 |       |       |       |     1 ||     4
       Petrified         |       |       |       |     3 |     4 |       |       |       |       ||     7
       Invisible         |       |       |       |     3 |       |       |       |       |       ||     3
       Confused          |       |       |       |       |       |       |       |       |     7 ||     7
       Held in net/web   |       |       |       |       |       |       |       |       |     1 ||     1
       Paralysed         |       |       |       |       |       |       |       |       |     1 ||     1
  Eat: Chunk             |       |     6 |    10 |    16 |    38 |    37 |    26 |    10 |     9 ||   152
       Ration            |       |       |       |       |     3 |     5 |     1 |     2 |     5 ||    16
Armor: Robe              |     5 |     1 |       |       |    65 |    59 |     3 |       |       ||   133
       Ring mail         |     3 |    55 |   143 |    94 |    12 |       |    13 |    65 |   843 ||  1228
       Leather armour    |       |    12 |    14 |       |       |       |       |       |       ||    26
       Skin              |       |       |       |       |       |   187 |    74 |    58 |    82 ||   401
       Scale mail        |       |       |       |       |       |       |    31 |       |       ||    31
Dodge: Dodged            |    12 |   139 |   316 |   315 |   386 |   756 |   452 |   531 |  3939 ||  6846
Block: Buckler           |       |       |       |       |    90 |   373 |    66 |       |       ||   529
       Shield            |       |       |       |       |       |       |   452 |   521 |   560 ||  1533
       Large shield      |       |       |       |       |       |       |       |       |  4967 ||  4967
       Rpst.: Long sword |       |       |       |     2 |       |       |       |       |       ||     2
       Scimitar          |       |       |       |    14 |    65 |    79 |    17 |       |       ||   175

Table legend:
 A = Spawn XP
 B = Non-spawn XP
 C = Spawn XP percentage of total XP
 D = Spawn monster count
 E = Non-spawn monster count
 F = Spawn count percentage of total count
 G = Total turns spent on level
                    A         B        C        D         E        F      G
               +---------+---------+-------+---------+---------+-------+---------
         Total |   55294 | 2987955 |   1.8 |     111 |    5044 |   2.2 | 62924
               +---------+---------+-------+---------+---------+-------+---------
           D:1 |       0 |      34 |   0.0 |       0 |      15 |   0.0 |   777
           D:2 |       0 |     199 |   0.0 |       0 |      31 |   0.0 |   720
           D:3 |       0 |     227 |   0.0 |       0 |      35 |   0.0 |  1092
           D:4 |       0 |     655 |   0.0 |       0 |      19 |   0.0 |   616
           D:5 |       0 |     301 |   0.0 |       0 |       9 |   0.0 |   781
           D:6 |       0 |     871 |   0.0 |       0 |      26 |   0.0 |   849
           D:7 |       0 |    1014 |   0.0 |       0 |      20 |   0.0 |   686
           D:8 |       0 |    1672 |   0.0 |       0 |      35 |   0.0 |   871
           D:9 |       0 |    2170 |   0.0 |       0 |      31 |   0.0 |  1021
          D:10 |       0 |    6745 |   0.0 |       0 |      43 |   0.0 |  1494
          D:11 |       0 |    9256 |   0.0 |       0 |      41 |   0.0 |   970
          D:12 |       0 |    3786 |   0.0 |       0 |      24 |   0.0 |   473
          D:13 |       0 |    8573 |   0.0 |       0 |      27 |   0.0 |   932
          D:14 |       0 |   12171 |   0.0 |       0 |      39 |   0.0 |   763
          D:15 |       0 |   24840 |   0.0 |       0 |      68 |   0.0 |  1360
        Lair:1 |       0 |    1682 |   0.0 |       0 |      14 |   0.0 |   831
        Lair:2 |       0 |    5440 |   0.0 |       0 |      29 |   0.0 |   779
        Lair:3 |       0 |    6981 |   0.0 |       0 |      23 |   0.0 |   749
        Lair:4 |       0 |    5427 |   0.0 |       0 |      26 |   0.0 |   766
        Lair:5 |       0 |    8237 |   0.0 |       0 |      30 |   0.0 |   945
        Lair:6 |       0 |   20004 |   0.0 |       0 |      98 |   0.0 |  1577
       Swamp:1 |       0 |   10261 |   0.0 |       0 |      32 |   0.0 |   573
       Swamp:2 |       0 |    9696 |   0.0 |       0 |      19 |   0.0 |   700
       Swamp:3 |       0 |    5808 |   0.0 |       0 |      22 |   0.0 |   606
       Swamp:4 |       0 |   23949 |   0.0 |       0 |      60 |   0.0 |   833
      Spider:1 |       0 |    9820 |   0.0 |       0 |      36 |   0.0 |  1097
      Spider:2 |       0 |    8842 |   0.0 |       0 |      30 |   0.0 |   527
      Spider:3 |       0 |   34244 |   0.0 |       0 |     108 |   0.0 |  1416
      Spider:4 |       0 |   30198 |   0.0 |       0 |      73 |   0.0 |  1296
       Slime:1 |       0 |    2575 |   0.0 |       0 |       8 |   0.0 |    29
       Slime:2 |       0 |   18217 |   0.0 |       0 |      30 |   0.0 |    70
       Slime:4 |       0 |    7477 |   0.0 |       0 |      10 |   0.0 |   217
       Slime:5 |       0 |   31151 |   0.0 |       0 |      33 |   0.0 |   277
         Orc:1 |       0 |    2461 |   0.0 |       0 |      30 |   0.0 |   875
         Orc:2 |       0 |   11748 |   0.0 |       0 |      65 |   0.0 |  1331
         Elf:1 |       0 |   13375 |   0.0 |       0 |      29 |   0.0 |   807
         Elf:2 |       0 |   37034 |   0.0 |       0 |      69 |   0.0 |   900
         Elf:3 |       0 |   58926 |   0.0 |       0 |      99 |   0.0 |  1624
      Vaults:1 |       0 |   44691 |   0.0 |       0 |      96 |   0.0 |  1472
      Vaults:2 |       0 |   28873 |   0.0 |       0 |      49 |   0.0 |   936
      Vaults:3 |       0 |   63542 |   0.0 |       0 |     111 |   0.0 |  1330
      Vaults:4 |       0 |   48872 |   0.0 |       0 |      78 |   0.0 |  1358
      Vaults:5 |       0 |  130792 |   0.0 |       0 |     129 |   0.0 |  1624
       Crypt:1 |       0 |   32849 |   0.0 |       0 |      66 |   0.0 |   997
       Crypt:2 |       0 |   21998 |   0.0 |       0 |      37 |   0.0 |  1115
       Crypt:3 |       0 |   77528 |   0.0 |       0 |     140 |   0.0 |  1048
        Tomb:1 |       0 |   46628 |   0.0 |       0 |      62 |   0.0 |   605
        Tomb:2 |       0 |   57725 |   0.0 |       0 |      71 |   0.0 |   398
        Tomb:3 |       0 |   72269 |   0.0 |       0 |      81 |   0.0 |   242
      Depths:1 |       0 |   45005 |   0.0 |       0 |      69 |   0.0 |  1201
      Depths:2 |       0 |   89565 |   0.0 |       0 |     125 |   0.0 |  1331
      Depths:3 |       0 |   48267 |   0.0 |       0 |      69 |   0.0 |   774
      Depths:4 |       0 |   45331 |   0.0 |       0 |      49 |   0.0 |  1120
      Depths:5 |       0 |   88208 |   0.0 |       0 |      97 |   0.0 |   847
          Hell |       0 |   37073 |   0.0 |       0 |      83 |   0.0 |   510
         Dis:1 |       0 |   35426 |   0.0 |       0 |     104 |   0.0 |   645
         Dis:2 |       0 |    3187 |   0.0 |       0 |      15 |   0.0 |    47
         Dis:3 |       0 |    6108 |   0.0 |       0 |      17 |   0.0 |    51
         Dis:4 |       0 |   11861 |   0.0 |       0 |      26 |   0.0 |   132
         Dis:5 |       0 |    6656 |   0.0 |       0 |      22 |   0.0 |    63
         Dis:6 |       0 |    9864 |   0.0 |       0 |      30 |   0.0 |   114
         Dis:7 |       0 |  130473 |   0.0 |       0 |     165 |   0.0 |  1282
         Geh:1 |       0 |   39196 |   0.0 |       0 |     101 |   0.0 |   269
         Geh:3 |       0 |   10650 |   0.0 |       0 |      32 |   0.0 |   123
         Geh:4 |       0 |    8194 |   0.0 |       0 |      25 |   0.0 |   137
         Geh:5 |       0 |   19613 |   0.0 |       0 |      22 |   0.0 |   158
         Geh:6 |       0 |    8221 |   0.0 |       0 |      39 |   0.0 |   146
         Geh:7 |       0 |   71914 |   0.0 |       0 |     131 |   0.0 |   540
         Coc:1 |       0 |   20877 |   0.0 |       0 |      47 |   0.0 |   147
         Coc:3 |       0 |   18185 |   0.0 |       0 |      57 |   0.0 |   190
         Coc:5 |       0 |    8648 |   0.0 |       0 |      10 |   0.0 |    72
         Coc:6 |       0 |   22107 |   0.0 |       0 |      33 |   0.0 |   242
         Coc:7 |       0 |  116680 |   0.0 |       0 |     118 |   0.0 |   776
         Tar:1 |       0 |   24444 |   0.0 |       0 |      38 |   0.0 |   235
         Tar:4 |       0 |    4801 |   0.0 |       0 |       3 |   0.0 |    48
         Tar:5 |       0 |     338 |   0.0 |       0 |       2 |   0.0 |    37
         Tar:6 |       0 |    8475 |   0.0 |       0 |      24 |   0.0 |    50
         Tar:7 |       0 |  100443 |   0.0 |       0 |     114 |   0.0 |   725
         Zot:1 |       0 |    3696 |   0.0 |       0 |       3 |   0.0 |    63
         Zot:2 |       0 |   18772 |   0.0 |       0 |      20 |   0.0 |   108
         Zot:3 |       0 |   27409 |   0.0 |       0 |      24 |   0.0 |   102
         Zot:4 |       0 |    3416 |   0.0 |       0 |       3 |   0.0 |    80
         Zot:5 |       0 |  168231 |   0.0 |       0 |      69 |   0.0 |   624
       Abyss:3 |   10484 |   33513 |  23.8 |      25 |      34 |  42.4 |   381
       Abyss:5 |    1670 |       0 | 100.0 |       3 |       0 | 100.0 |    85
           Pan |   43140 |  296015 |  12.7 |      83 |     393 |  17.4 |  3802
         Zig:1 |       0 |    1571 |   0.0 |       0 |       4 |   0.0 |    24
         Zig:2 |       0 |    1508 |   0.0 |       0 |       4 |   0.0 |    19
         Zig:3 |       0 |     982 |   0.0 |       0 |       5 |   0.0 |    34
         Zig:4 |       0 |    4129 |   0.0 |       0 |       8 |   0.0 |    50
         Zig:5 |       0 |    7051 |   0.0 |       0 |       5 |   0.0 |    53
         Zig:6 |       0 |    8480 |   0.0 |       0 |       8 |   0.0 |    32
         Zig:7 |       0 |    8066 |   0.0 |       0 |      11 |   0.0 |    51
         Zig:8 |       0 |   12998 |   0.0 |       0 |      11 |   0.0 |    58
         Zig:9 |       0 |    9940 |   0.0 |       0 |      16 |   0.0 |   100
        Zig:10 |       0 |   14551 |   0.0 |       0 |      16 |   0.0 |    69
        Zig:11 |       0 |   22481 |   0.0 |       0 |      26 |   0.0 |   206
        Zig:12 |       0 |   25346 |   0.0 |       0 |      29 |   0.0 |    95
        Zig:13 |       0 |   30810 |   0.0 |       0 |      18 |   0.0 |   172
        Zig:14 |       0 |   15941 |   0.0 |       0 |      31 |   0.0 |    70
        Zig:15 |       0 |   40183 |   0.0 |       0 |      40 |   0.0 |    97
        Zig:16 |       0 |   24394 |   0.0 |       0 |      40 |   0.0 |    83
        Zig:17 |       0 |   30033 |   0.0 |       0 |      48 |   0.0 |   137
        Zig:18 |       0 |   27370 |   0.0 |       0 |      40 |   0.0 |   147
        Zig:19 |       0 |   37602 |   0.0 |       0 |      55 |   0.0 |   191
        Zig:20 |       0 |   10071 |   0.0 |       0 |      22 |   0.0 |    43
           Lab |       0 |    1261 |   0.0 |       0 |       1 |   0.0 |   163
       Ossuary |       0 |     491 |   0.0 |       0 |      37 |   0.0 |   302
               +---------+---------+-------+---------+---------+-------+---------
